 Dungeon Crawl Stone Soup version 0.29.0-4-gdea44cf6ec (webtiles) character file.

Game seed: 6120962745575562921

219639 qw the Brawler (level 18, -1/171 HPs)
             Began as a Troll Cinder Acolyte on Sept 2, 2022.
             Was a High Priest of Okawaru.
             Slain by a dire elephant (6 damage)
             ... summoned by a boggart
             ... on level 1 of the Vaults.
             The game lasted 00:21:55 (31928 turns).

qw the Brawler (Troll Cinder Acolyte)              Turns: 31928, Time: 00:21:56

Health: -1/171     AC: 25    Str: 39    XL:     18   Next: 45%
Magic:  21/24      EV:  7    Int: 10    God:    Okawaru [*****.]
Gold:   2543       SH: 26    Dex: 11    Spells: 19/19 levels left

rFire   + . .      SeeInvis +     - Unarmed
rCold   + . .      Faith    .   p - +0 tower shield
rNeg    . . .      Spirit   .   q - +1 gold dragon scales
rPois   +          Reflect  +   (helmet restricted)
rElec   .          Harm     .   x - +1 cloak
rCorr   .          Rampage  .   (gloves unavailable)
Will    ++...                   (boots unavailable)
Stlth   ..........              j - amulet of reflection
HPRegen 1.18/turn               u - ring of Lyhimuw {Will+ Str+6 Dex+6 Slay-2}
MPRegen 0.19/turn               w - ring of see invisible

@: heroic, finesse-ful
A: large, unfitting armour, claws 3, regeneration 1, shaggy fur 1, tough skin 1
}: 1/15 runes: decaying
a: Renounce Religion, Heroism, Finesse, Duel


You were on level 1 of the Vaults.
You worshipped Okawaru.
Okawaru was extremely pleased with you.
You visited 7 branches of the dungeon, and saw 31 of its levels.
You also visited: Ossuary.

You collected 3060 gold pieces.
You spent 517 gold pieces at shops.


Innate Abilities, Weirdness & Mutations

You are too large for most types of armour.
You have claws for hands.
Your natural rate of healing is unusually fast.
You are covered in fur. (AC +1)
You have tough skin. (AC +1)


   Skills:
 - Level 9.0(14.0) Fighting
 - Level 9.0(14.0) Throwing
 - Level 9.0(14.0) Armour
 - Level 3.1(8.1) Dodging
 - Level 17.3(22.3) Shields
 + Level 20.3(25.3) Unarmed Combat
 - Level 1.0 Spellcasting
 - Level 2.1 Fire Magic
 - Level 10.0 Invocations


You had 19 spell levels left.
You didn't know any spells.
Your spell library contained the following spells:

 Spells                   Type           Power      Damage    Failure   Level
 Scorch                   Fire           8%         2d5       96%         2

Inventory:

Missiles
 a - 5 silver javelins
 b - 2 boomerangs of dispersal
 g - 47 large rocks (quivered)
 r - a silver boomerang
 t - 19 boomerangs
 v - 5 javelins
Armour
 d - +0 fire dragon scales
 p - a +0 tower shield (worn)
 q - +1 gold dragon scales (worn)
 x - a +1 cloak (worn)
Jewellery
 j - an amulet of reflection (around neck)
 k - a ring of fire
 l - a ring of fire
 u - the ring of Lyhimuw (left claw) {Will+ Str+6 Dex+6 Slay-2}
   (You took it off a rakshasa on level 13 of the Dungeon)

   [ring of strength]

   Str:       It affects your strength (+6).
   Dex:       It affects your dexterity (+6).
   Slay:      It affects your accuracy & damage with ranged weapons and melee
   (-2).
   Will:      It increases your willpower.
 w - a ring of see invisible (right claw)
 E - a +4 ring of slaying {mikee}
Scrolls
 f - 2 scrolls of identify
 i - 3 scrolls of enchant weapon
 n - 4 scrolls of brand weapon
Potions
 c - 9 potions of might
 h - 5 potions of haste
 m - 5 potions of mutation
 s - 6 potions of curing

Dungeon Overview and Level Annotations

Branches:
Dungeon (15/15)            Temple (1/1) D:6            Lair (5/5) D:8
  Swamp (4/4) Lair:3       Spider (3/4) Lair:3        Slime (0/5) Lair:5
    Orc (2/2) D:11            Elf (0/3) Orc:2        Vaults (1/5) D:13
 Depths (0/4) D:15        Ossuary (visited)

Altars:
Ashenzari
Cheibriados
Dithmenos
Elyvilon
Fedhas
Gozag
Hepliaklqana
Kikubaaqudgha
Makhleb
Nemelex Xobeh
Okawaru
Qazlal
Ru
Sif Muna
Trog
Uskayaw
Vehumet
Wu Jian
Xom
The Shining One
Jiyva

Shops:
D:1 *   D:14 ?   Orc:2 [![[:

Annotations:
D:6 2 runed translucent doors, Crazy Yiuf; qw's ghost, novice TeWr
D:8 1 transporter
D:15 2 transporters
Lair:2 3 runed translucent doors, qw's ghost, journeyman TrCA
Lair:5 3 runed translucent doors, qw's ghost, journeyman TrCA
Orc:2 3 runed translucent doors, qw's ghost, journeyman TrCA


Message History

You hear a shout! x5; You hear a horrible gurgling sound! x2
You claw the ironbound preserver!
The ironbound preserver is lightly wounded.
You mangle the ironbound preserver!!
The ironbound preserver is moderately wounded.
You block the deep troll's attack. x2
The deep troll claws you but does no damage.
You completely miss the ironbound preserver.
The ironbound preserver is moderately wounded.
31920 ||| Stepping ~*~*~tactically~*~*~ (outnumbered).
The deep troll barely misses you. You block the deep troll's attack. x2
The vault warden activates a sealing rune.
A door slams shut!
You eviscerate the deep troll!!!
The deep troll is almost dead.
The dire elephant tramples you but does no damage.
You block the dire elephant's attack. x3
You eviscerate the deep troll!!!
You kill the deep troll!
Okawaru accepts your kill.
The troll leather armour is intact enough to wear.
Something unseen opens the door.
You scratch the dire elephant but do no damage.
You eviscerate the dire elephant!!!
The dire elephant is moderately wounded.
You hear a shout!
You mangle the dire elephant!!
The dire elephant is severely wounded.
You block the dire elephant's attack. The dire elephant trunk-slaps you.
The dire elephant tramples you.
You hold your ground!
You block the dire elephant's attack.
You claw the dire elephant!
The dire elephant is severely wounded.
An ironbound preserver comes into view. It is wielding a +0 morningstar.
You scratch the dire elephant.
The dire elephant is severely wounded.
You completely miss the dire elephant.
The dire elephant is severely wounded.
You block the dire elephant's attack. x2; The dire elephant tramples you.
You die...

... ####p### #......#
#......# #......#
#......# #.).pcp#
#.G.YpY# #)HppY@#
###'#######T#########
.......%.g.g.T.......
.........G.GTg.......
.........gTTH........
(.........p..........
.....................
.....################
.....


You could see 3 dire elephants, 2 ironbound preservers, a sphinx (summoned), a
vault warden (summoned), a yaktaur captain (summoned), 2 vault guards, a great
orb of eyes (summoned), a deep troll (summoned, strong) and a vault sentinel
(summoned, catching breath).

Vanquished Creatures
  Arachne (Spider:2)
  Kirke (Spider:1)
  2 fenstrider witches
  A vault warden (Vaults:1)
  Aizul (Swamp:4)
  An orc warlord (Orc:2)
  A ghost moth (Spider:2)
  Louise (D:14)
  A frost giant (D:15)
  2 war gargoyles
  A stone giant (D:15)
  2 ironbound preservers (Vaults:1)
  An ironbound thunderhulk (Vaults:1)
  3 eleionomae
  Azrael (D:14)
  7 entropy weavers
  7 bunyips
  4 dire elephants (Vaults:1)
  An ettin (D:15)
  6 fire dragons
  A yaktaur captain (Vaults:1)
  3 rakshasas
  A shambling mangrove (Swamp:3)
  3 great orbs of eyes
  A salamander tyrant (D:15)
  5 boulder beetles
  A peacekeeper (Vaults:1)
  12 vault guards
  12 hydras
  A jorogumo (Spider:3)
  3 catoblepae
  A death knight (D:14)
  4 ghost crabs
  6 radroaches
  2 two-headed ogres
  11 centaur warriors
  A death scarab (Spider:3)
  2 alligators (Swamp:2)
  4 tengu warriors
  7 spriggans
  5 pharaoh ants
  A fire crab (Swamp:4)
  2 skeletal warriors (D:14)
  5 deep trolls (Vaults:1)
  5 goliath frogs
  3 orb spiders
  4 spriggan druids
  5 swamp dragons (Swamp:4)
  7 steelbarb worms
  6 bog bodies
  9 orc knights
  An ironbound convoker (Vaults:1)
  A harpy (shapeshifter) (D:15)
  3 wizards
  2 necromancers
  4 deep elf pyromancers
  26 wolf spiders
  3 wolf spider zombies (Spider:3)
  3 lindwurms
  3 orc sorcerers
  14 cyclopes
  4 spectral wolf spiders (Spider:3)
  4 moths of wrath
  20 ugly things
  8 manticores
  A moth of wrath (shapeshifter) (D:15)
  15 elephants
  A stone giant skeleton (Vaults:1)
  3 salamanders (D:15)
  14 black mambas
  A guardian serpent (Lair:5)
  A centaur zombie (D:15)
  A centaur skeleton (D:15)
  A guardian serpent (shapeshifter) (D:13)
  A cane toad (shapeshifter) (D:15)
  3 torpor snails
  13 cane toads
  An unseen horror (shapeshifter) (D:13)
  6 yaktaurs
  A rime drake (shapeshifter) (D:15)
  9 komodo dragons
  A kobold demonologist (D:13)
  3 demonic crawlers
  An efreet (D:15)
  A rime drake (Lair:2)
  3 tengu conjurers
  A human zombie (Vaults:1)
  2 trolls
  10 tyrant leeches
  A tengu simulacrum (Vaults:1)
  11 hornets
  A polar bear (Lair:2)
  2 bloated husks
  8 wolf spider simulacra (Spider:3)
  26 blink frogs
  22 tarantellas
  16 slime creatures
  23 jumping spiders
  Sigmund (D:5)
  A shadow (D:12)
  3 centaur simulacra (D:15)
  12 culicivoras
  A spriggan (shapeshifter) (D:10)
  15 fire elementals
  6 wraiths
  40 yaks
  6 basilisks
  9 wyverns
  A hog (Spider:1)
  4 humans
  8 steam dragons
  7 vampire mosquitoes
  49 redbacks
  6 wargs
  2 acid dragons
  19 swamp worms
  3 hell hounds (D:14)
  30 water moccasins
  A glowing shapeshifter skeleton (Vaults:1)
  2 floating eyes (D:15)
  An ogre skeleton (Vaults:1)
  9 swamp drakes
  40 orc warriors
  3 black bears
  An ice beast (D:8)
  A hornet zombie (D:15)
  11 wolves
  2 boggarts
  12 centaurs
  6 ogres
  A phantom (D:6)
  5 kobold brigands
  3 necrophages
  2 gnoll sergeants
  3 bullfrogs
  4 scorpions
  13 wights
  23 killer bees
  2 electric eels (Lair:2)
  6 howler monkeys
  A crimson imp (D:7)
  A lava snake (Lair:3)
  4 hounds
  2 gnoll boudas
  17 orc priests
  A boggart zombie (D:15)
  21 orc wizards
  2 iguanas (D:6)
  5 hell rats (Lair:3)
  A boggart skeleton (D:15)
  3 mummies (Ossuary)
  27 gnolls
  6 adders
  2 white imps
  2 worms (D:2)
  4 dart slugs
  92 orcs
  9 endoplasms
  5 giant cockroaches
  8 goblins
  6 hobgoblins
  3 quokkas
  9 ball pythons
  6 bats
  2 frilled lizards
  5 goblin zombies (Ossuary)
  4 hobgoblin zombies (Ossuary)
  34 kobolds
  7 rats
1141 creatures vanquished.

Vanquished Creatures (others)
  2 hydras (Swamp:4)
  A spriggan druid (Swamp:4)
  A lindwurm (Swamp:4)
  A bloated husk (Swamp:1)
  A boggart (D:13)
  2 lava snakes (Swamp:4)
  An orc priest (Orc:2)
  2 orcs (Orc:2)
  22 fungi
  50 plants
  6 withered plants (Lair:5)
89 creatures vanquished.

Grand Total: 1230 creatures vanquished

Notes
Turn   | Place    | Note
-------+----------+-------------------------------------------
     0 | D:1      | qw the Troll Cinder Acolyte began the quest for the Orb.
     0 | D:1      | Reached XP level 1. HP: 22/22 MP: 1/1
     0 | D:1      | 0 ||| qw: Version: 0.1-a-100-g36b9a1f
     0 | D:1      | 0 ||| qw: Game counter: 5018
     0 | D:1      | 0 ||| qw: Always use a shield: true
     0 | D:1      | 0 ||| qw: God list: Okawaru
     0 | D:1      | 0 ||| qw: Allow faded altars: false
     0 | D:1      | 0 ||| qw: Do Orc after D:15 true
     0 | D:1      | 0 ||| qw: Do second Lair branch before Depths: true
     0 | D:1      | 0 ||| qw: Lair rune preference: random
     0 | D:1      | 0 ||| qw: Plans: Normal
     0 | D:1      | 0 ||| PLANNING D:1-11
    32 | D:1      | 32 ||| Stepping ~*~*~tactically~*~*~ (stealth).
    39 | D:1      | 39 ||| Stepping ~*~*~tactically~*~*~ (outnumbered).
    40 | D:1      | 40 ||| Stepping ~*~*~tactically~*~*~ (outnumbered).
    41 | D:1      | 41 ||| Stepping ~*~*~tactically~*~*~ (outnumbered).
    42 | D:1      | 42 ||| Stepping ~*~*~tactically~*~*~ (outnumbered).
    96 | D:1      | Found Xoihisemm's Assorted Antiques.
   112 | D:1      | 112 ||| SHOPLISTING 2 black potions (34 gold, have 17).
   112 | D:1      | 112 ||| BUYING amethyst potion (17 gold).
   112 | D:1      | Bought an amethyst potion for 17 gold pieces
   112 | D:1      | 112 ||| SHOPLISTING fizzy ruby potion (17 gold, have 0).
   112 | D:1      | 112 ||| SHOPLISTING fuming red potion (17 gold, have 0).
   112 | D:1      | 112 ||| SHOPLISTING ivory ring (95 gold, have 0).
   112 | D:1      | 112 ||| SHOPLISTING scroll labelled MYUTOA JYODWAK (19
                  | gold, have 0).
   112 | D:1      | 112 ||| SHOPLISTING scroll labelled NACEMI UWINENO (19
                  | gold, have 0).
   112 | D:1      | 112 ||| SHOPLISTING scroll labelled YCONWOFUTA (19 gold,
                  | have 0).
   122 | D:1      | Reached XP level 2. HP: 29/29 MP: 2/2
   165 | D:1      | 165 ||| Stepping ~*~*~tactically~*~*~ (stealth).
   167 | D:1      | 167 ||| Stepping ~*~*~tactically~*~*~ (hiding).
   246 | D:1      | Reached skill level 4 in Unarmed Combat
   433 | D:1      | Reached XP level 3. HP: 36/36 MP: 3/3
   454 | D:1      | 454 ||| Stepping ~*~*~tactically~*~*~ (stealth).
   538 | D:1      | 538 ||| READING 2 scrolls labelled YCONWOFUTA.
   539 | D:1      | 539 ||| READING scroll labelled ZUJAEGA GYHO.
   540 | D:1      | 540 ||| DRINKING 2 fuming red potions.
   546 | D:2      | 546 ||| STAIRDANCE
   553 | D:2      | 553 ||| STAIRDANCE
   570 | D:2      | 570 ||| Stepping ~*~*~tactically~*~*~ (hiding).
   588 | D:2      | 588 ||| FLEEEEING.
  1113 | D:2      | Identified the +1 falchion of Causality {flame, *Corrode
                  | rElec rC+ rN+}
  1262 | D:2      | You fall into a shaft and drop 1 floor!
  1265 | D:3      | 1265 ||| READING 3 scrolls labelled UFRYH TIUSIZEA.
  1266 | D:3      | 1266 ||| READING scroll labelled ZASAMY USITE.
  1267 | D:3      | 1267 ||| READING scroll labelled DAUTRE KUJEETH.
  1268 | D:3      | 1268 ||| READING scroll labelled FAFECE FOCSECU.
  1269 | D:3      | 1269 ||| DRINKING 2 fuming golden potions.
  1270 | D:3      | 1270 ||| DROPPING 2 scrolls of poison.
  1271 | D:3      | 1271 ||| Stepping randomly (stuck).
  1272 | D:3      | 1272 ||| Stepping ~*~*~tactically~*~*~ (cloud).
  1474 | D:3      | 1474 ||| Stepping ~*~*~tactically~*~*~ (hiding).
  1482 | D:3      | Reached skill level 5 in Unarmed Combat
  1482 | D:3      | Reached XP level 4. HP: 28/44 MP: 4/4
  1486 | D:3      | 1486 ||| Stepping ~*~*~tactically~*~*~ (outnumbered).
  1488 | D:3      | 1488 ||| Stepping ~*~*~tactically~*~*~ (stealth).
  1496 | D:3      | 1496 ||| FLEEEEING.
  1497 | D:3      | 1497 ||| FLEEEEING.
  1498 | D:3      | 1498 ||| FLEEEEING.
  1499 | D:3      | 1499 ||| FLEEEEING.
  1500 | D:3      | 1500 ||| FLEEEEING.
  1501 | D:3      | 1501 ||| FLEEEEING.
  1502 | D:3      | 1502 ||| FLEEEEING.
  1503 | D:3      | 1503 ||| FLEEEEING.
  1504 | D:3      | 1504 ||| FLEEEEING.
  1505 | D:3      | 1505 ||| FLEEEEING.
  1506 | D:3      | 1506 ||| FLEEEEING.
  1507 | D:3      | 1507 ||| FLEEEEING.
  1508 | D:3      | 1508 ||| FLEEEEING.
  1509 | D:3      | 1509 ||| FLEEEEING.
  1510 | D:3      | 1510 ||| FLEEEEING.
  1655 | D:3      | 1655 ||| Stepping ~*~*~tactically~*~*~ (hiding).
  2000 | D:3      | Found a shimmering blue altar of Sif Muna.
  2018 | D:3      | 2018 ||| Stepping ~*~*~tactically~*~*~ (stealth).
  2021 | D:3      | Found a bloodstained altar of Trog.
  2195 | D:3      | 2195 ||| READING scroll labelled MYUTOA JYODWAK.
  2196 | D:3      | 2196 ||| READING scroll labelled GIARITHR HODA.
  2197 | D:3      | 2197 ||| READING scroll labelled LUDUADWAWA.
  2198 | D:3      | 2198 ||| READING scroll labelled TAICIU DOITUWE.
  2199 | D:3      | 2199 ||| DRINKING 2 black potions.
  2200 | D:3      | 2200 ||| READING 2 scrolls of identify.
  2200 | D:3      | 2200 ||| IDENTIFYING metallic yellow potion
  2201 | D:3      | 2201 ||| DROPPING potion of lignification.
  2202 | D:3      | 2202 ||| DROPPING potion of attraction.
  2223 | D:3      | Reached XP level 5. HP: 50/50 MP: 5/5
  2254 | D:4      | Reached skill level 6 in Unarmed Combat
  2305 | D:4      | Found a shimmering altar of Xom.
  2306 | D:4      | Found a hazy altar of Hepliaklqana.
  2307 | D:4      | Noticed a spectral ugly thing
  2332 | D:4      | 2332 ||| Stepping ~*~*~tactically~*~*~ (stealth).
  2386 | D:4      | 2386 ||| Stepping ~*~*~tactically~*~*~ (outnumbered).
  2433 | D:4      | Reached XP level 6. HP: 59/59 MP: 6/6
  2481 | D:4      | 2481 ||| INVOKING Fiery Armour.
  2484 | D:4      | Reached skill level 7 in Unarmed Combat
  2486 | D:4      | 2486 ||| DRINKING potion of curing.
  2486 | D:4      | 2486 ||| (to cure confusion)
  2500 | D:4      | Found a snail-covered altar of Cheibriados.
  2517 | D:4      | Found a white marble altar of Elyvilon.
  2594 | D:4      | 2594 ||| Stepping ~*~*~tactically~*~*~ (stealth).
  2596 | D:4      | 2596 ||| Stepping ~*~*~tactically~*~*~ (stealth).
  2597 | D:4      | 2597 ||| Stepping ~*~*~tactically~*~*~ (stealth).
  2598 | D:4      | 2598 ||| Stepping ~*~*~tactically~*~*~ (stealth).
  2599 | D:4      | 2599 ||| Stepping ~*~*~tactically~*~*~ (stealth).
  2674 | D:4      | 2674 ||| READING 2 scrolls of identify.
  2674 | D:4      | 2674 ||| IDENTIFYING fuming brown potion
  2695 | D:5      | Entered Level 5 of the Dungeon
  2696 | D:5      | 2696 ||| PLANNING OSSUARY
  2701 | D:5      | 2701 ||| Stepping ~*~*~tactically~*~*~ (outnumbered).
  2703 | D:5      | 2703 ||| Stepping ~*~*~tactically~*~*~ (outnumbered).
  2704 | D:5      | 2704 ||| Stepping ~*~*~tactically~*~*~ (outnumbered).
  2705 | D:5      | 2705 ||| Stepping ~*~*~tactically~*~*~ (outnumbered).
  2706 | D:5      | 2706 ||| Stepping ~*~*~tactically~*~*~ (outnumbered).
  2707 | D:5      | 2707 ||| Stepping ~*~*~tactically~*~*~ (outnumbered).
  2708 | D:5      | 2708 ||| Stepping ~*~*~tactically~*~*~ (outnumbered).
  2709 | D:5      | 2709 ||| Stepping ~*~*~tactically~*~*~ (outnumbered).
  2751 | D:5      | 2751 ||| INVOKING Fiery Armour.
  2832 | D:5      | Noticed Sigmund
  2833 | D:5      | 2833 ||| Stepping ~*~*~tactically~*~*~ (hiding).
  2834 | D:5      | 2834 ||| Stepping ~*~*~tactically~*~*~ (hiding).
  2842 | D:5      | Killed Sigmund
  2843 | D:5      | Reached skill level 8 in Unarmed Combat
  2843 | D:5      | Reached XP level 7. HP: 66/66 MP: 7/7
  3010 | D:5      | 3010 ||| INVOKING Fiery Armour.
  3013 | D:5      | Reached skill level 3 in Fighting
  3013 | D:5      | 3013 ||| Stepping ~*~*~tactically~*~*~ (outnumbered).
  3019 | D:5      | 3019 ||| Stepping ~*~*~tactically~*~*~ (hiding).
  3022 | D:5      | 3022 ||| Stepping ~*~*~tactically~*~*~ (outnumbered).
  3026 | D:5      | 3026 ||| FLEEEEING.
  3027 | D:5      | 3027 ||| FLEEEEING.
  3028 | D:5      | 3028 ||| FLEEEEING.
  3029 | D:5      | 3029 ||| FLEEEEING.
  3030 | D:5      | 3030 ||| FLEEEEING.
  3031 | D:5      | 3031 ||| FLEEEEING.
  3032 | D:5      | 3032 ||| FLEEEEING.
  3033 | D:5      | 3033 ||| FLEEEEING.
  3034 | D:5      | 3034 ||| FLEEEEING.
  3035 | D:5      | 3035 ||| FLEEEEING.
  3036 | D:5      | 3036 ||| FLEEEEING.
  3037 | D:5      | 3037 ||| FLEEEEING.
  3038 | D:5      | 3038 ||| FLEEEEING.
  3039 | D:5      | 3039 ||| FLEEEEING.
  3040 | D:5      | 3040 ||| FLEEEEING.
  3041 | D:5      | 3041 ||| FLEEEEING.
  3042 | D:5      | 3042 ||| FLEEEEING.
  3043 | D:5      | 3043 ||| FLEEEEING.
  3044 | D:5      | 3044 ||| FLEEEEING.
  3045 | D:5      | 3045 ||| FLEEEEING.
  3046 | D:5      | 3046 ||| FLEEEEING.
  3047 | D:5      | 3047 ||| FLEEEEING.
  3048 | D:5      | 3048 ||| FLEEEEING.
  3049 | D:5      | 3049 ||| FLEEEEING.
  3050 | D:5      | 3050 ||| FLEEEEING.
  3051 | D:5      | 3051 ||| FLEEEEING.
  3052 | D:5      | 3052 ||| STAIRDANCE
  3067 | D:4      | 3067 ||| READING scroll labelled AGAORUTIU.
  3071 | D:5      | 3071 ||| STAIRDANCE
  3153 | D:5      | Reached skill level 9 in Unarmed Combat
  3356 | D:5      | Found a sand-covered staircase.
  3366 | Ossuary  | Entered an ossuary
  3366 | Ossuary  | Noticed a wraith
  3366 | Ossuary  | Noticed a wraith
  3366 | Ossuary  | Noticed a wraith
  3396 | Ossuary  | 3396 ||| Stepping ~*~*~tactically~*~*~ (stealth).
  3398 | Ossuary  | 3398 ||| Stepping ~*~*~tactically~*~*~ (stealth).
  3590 | Ossuary  | Noticed a wraith
  3597 | Ossuary  | Killed a wraith
  3598 | Ossuary  | Reached XP level 8. HP: 63/75 MP: 8/8
  3734 | Ossuary  | 3734 ||| READING scroll labelled UNUNUJUEPSA.
  3835 | Ossuary  | 3835 ||| READING scroll labelled RUD CENANG.
  3839 | Ossuary  | 3839 ||| DRINKING 2 viscous red potions.
  3840 | Ossuary  | 3840 ||| DRINKING 2 puce potions.
  3841 | Ossuary  | 3841 ||| READING 4 scrolls of identify.
  3841 | Ossuary  | 3841 ||| IDENTIFYING amethyst potion
  3842 | Ossuary  | 3842 ||| READING 3 scrolls of identify.
  3842 | Ossuary  | 3842 ||| IDENTIFYING fizzy ruby potion
  3843 | Ossuary  | 3843 ||| READING 2 scrolls of identify.
  3843 | Ossuary  | 3843 ||| IDENTIFYING dark potion
  3844 | Ossuary  | 3844 ||| DROPPING potion of brilliance.
  3845 | Ossuary  | 3845 ||| DROPPING potion of degeneration.
  3846 | Ossuary  | 3846 ||| DROPPING potion of invisibility.
  3875 | D:5      | 3875 ||| PLANNING D:1-11
  3907 | D:5      | Reached skill level 1 in Dodging
  3942 | D:5      | 3942 ||| Stepping ~*~*~tactically~*~*~ (hiding).
  4257 | D:6      | 4257 ||| STAIRDANCE
  4350 | D:6      | Found a broken altar of Ashenzari.
  4353 | D:6      | Reached skill level 10 in Unarmed Combat
  4483 | D:6      | 4483 ||| Stepping ~*~*~tactically~*~*~ (stealth).
  4484 | D:6      | 4484 ||| Stepping ~*~*~tactically~*~*~ (hiding).
  4485 | D:6      | 4485 ||| Stepping ~*~*~tactically~*~*~ (hiding).
  4486 | D:6      | 4486 ||| Stepping ~*~*~tactically~*~*~ (hiding).
  4508 | D:6      | 4508 ||| Stepping ~*~*~tactically~*~*~ (stealth).
  4523 | D:6      | Identified the +6 scale mail of the Morning {+Inv Dex+7}
  4653 | D:6      | Found a runed translucent door.
  4654 | D:6      | Noticed Crazy Yiuf
  4673 | D:6      | Found a staircase to the Ecumenical Temple.
  4802 | D:6      | Reached XP level 9. HP: 57/84 MP: 9/9
  4854 | D:6      | Found a runed translucent door.
  4855 | D:6      | Found a shimmering altar of Xom.
  4855 | D:6      | Noticed qw's ghost (novice TeWr)
  4855 | D:6      | Noticed a +2 quarterstaff of chaos
  4947 | D:6      | 4947 ||| UPGRADING to +0 gold dragon scales.
  4957 | D:6      | 4957 ||| DROPPING +0 robe.
  4958 | D:6      | 4958 ||| UPGRADING to ring of positive energy.
  4959 | D:6      | 4959 ||| READING scroll labelled WYOCUISO CELOD.
  4959 | D:6      | Identified a scroll of acquirement
  4959 | D:6      | 4959 ||| ACQUIRING ring of protection from cold
  4959 | D:6      | Acquired a ring of protection from cold
  4961 | D:6      | 4961 ||| UPGRADING to ring of protection from cold.
  4962 | D:6      | 4962 ||| DRINKING 2 white potions.
  5063 | D:6      | 5063 ||| DROPPING potion of ambrosia.
  5106 | D:7      | Reached skill level 1 in Armour
  5609 | D:7      | 5609 ||| READING scroll labelled HESU FUTAAMO.
  5610 | D:7      | 5610 ||| READING 2 scrolls of identify.
  5610 | D:7      | 5610 ||| IDENTIFYING sedimented black potion
  5649 | D:8      | 5649 ||| Stepping ~*~*~tactically~*~*~ (stealth).
  5650 | D:8      | 5650 ||| Stepping ~*~*~tactically~*~*~ (stealth).
  5654 | D:8      | 5654 ||| Stepping ~*~*~tactically~*~*~ (outnumbered).
  5662 | D:8      | Reached skill level 3 in Armour
  5683 | D:8      | 5683 ||| Stepping ~*~*~tactically~*~*~ (stealth).
  5694 | D:8      | Reached skill level 11 in Unarmed Combat
  5729 | D:8      | Found a staircase to the Lair.
  5759 | D:8      | 5759 ||| Stepping ~*~*~tactically~*~*~ (stealth).
  5924 | D:8      | 5924 ||| Stepping ~*~*~tactically~*~*~ (hiding).
  5928 | D:8      | 5928 ||| INVOKING Fiery Armour.
  6074 | D:8      | 6074 ||| Stepping ~*~*~tactically~*~*~ (stealth).
  6166 | D:8      | 6166 ||| Stepping ~*~*~tactically~*~*~ (stealth).
  6170 | D:8      | Reached skill level 12 in Unarmed Combat
  6246 | D:8      | 6246 ||| Stepping ~*~*~tactically~*~*~ (stealth).
  6254 | D:8      | 6254 ||| Stepping ~*~*~tactically~*~*~ (stealth).
  6255 | D:8      | 6255 ||| Stepping ~*~*~tactically~*~*~ (stealth).
  6256 | D:8      | 6256 ||| Stepping ~*~*~tactically~*~*~ (stealth).
  6257 | D:8      | 6257 ||| Stepping ~*~*~tactically~*~*~ (stealth).
  6266 | D:8      | 6266 ||| Stepping ~*~*~tactically~*~*~ (stealth).
  6275 | D:8      | Reached XP level 10. HP: 89/96 MP: 10/10
  6314 | D:8      | 6314 ||| Stepping ~*~*~tactically~*~*~ (stealth).
  6315 | D:8      | 6315 ||| Stepping ~*~*~tactically~*~*~ (stealth).
  6324 | D:8      | 6324 ||| Stepping ~*~*~tactically~*~*~ (hiding).
  6430 | D:8      | Found a transporter.
  6506 | D:8      | 6506 ||| Stepping ~*~*~tactically~*~*~ (stealth).
  6705 | D:8      | Reached skill level 13 in Unarmed Combat
  6745 | D:8      | Found a glowing golden altar of the Shining One.
  6757 | D:8      | 6757 ||| UPGRADING to amulet of reflection.
  6762 | D:8      | 6762 ||| READING scroll labelled BISIQA ZA JUWK.
  6763 | D:8      | 6763 ||| READING 2 scrolls of identify.
  6763 | D:8      | 6763 ||| IDENTIFYING sedimented green potion
  6764 | D:8      | 6764 ||| DROPPING potion of berserk rage.
  6806 | D:9      | 6806 ||| Stepping ~*~*~tactically~*~*~ (hiding).
  6874 | D:9      | 6874 ||| Stepping ~*~*~tactically~*~*~ (stealth).
  7030 | D:9      | 7030 ||| Stepping ~*~*~tactically~*~*~ (stealth).
  7031 | D:9      | 7031 ||| Stepping ~*~*~tactically~*~*~ (stealth).
  7033 | D:9      | 7033 ||| Stepping ~*~*~tactically~*~*~ (stealth).
  7164 | D:9      | 7164 ||| Stepping ~*~*~tactically~*~*~ (stealth).
  7167 | D:9      | 7167 ||| Stepping ~*~*~tactically~*~*~ (stealth).
  7170 | D:9      | 7170 ||| Stepping ~*~*~tactically~*~*~ (outnumbered).
  7171 | D:9      | 7171 ||| Stepping ~*~*~tactically~*~*~ (outnumbered).
  7172 | D:9      | 7172 ||| Stepping ~*~*~tactically~*~*~ (outnumbered).
  7173 | D:9      | 7173 ||| Stepping ~*~*~tactically~*~*~ (outnumbered).
  7174 | D:9      | 7174 ||| Stepping ~*~*~tactically~*~*~ (outnumbered).
  7175 | D:9      | 7175 ||| Stepping ~*~*~tactically~*~*~ (outnumbered).
  7177 | D:9      | 7177 ||| Stepping ~*~*~tactically~*~*~ (outnumbered).
  7178 | D:9      | 7178 ||| Stepping ~*~*~tactically~*~*~ (outnumbered).
  7179 | D:9      | 7179 ||| Stepping ~*~*~tactically~*~*~ (outnumbered).
  7180 | D:9      | 7180 ||| Stepping ~*~*~tactically~*~*~ (outnumbered).
  7193 | D:9      | 7193 ||| FLEEEEING.
  7194 | D:9      | 7194 ||| FLEEEEING.
  7195 | D:9      | 7195 ||| FLEEEEING.
  7196 | D:9      | 7196 ||| FLEEEEING.
  7197 | D:9      | 7197 ||| FLEEEEING.
  7198 | D:9      | 7198 ||| FLEEEEING.
  7199 | D:9      | 7199 ||| FLEEEEING.
  7200 | D:9      | 7200 ||| FLEEEEING.
  7201 | D:9      | 7201 ||| FLEEEEING.
  7202 | D:9      | 7202 ||| FLEEEEING.
  7203 | D:9      | 7203 ||| FLEEEEING.
  7204 | D:9      | 7204 ||| FLEEEEING.
  7205 | D:9      | 7205 ||| FLEEEEING.
  7206 | D:9      | 7206 ||| FLEEEEING.
  7351 | D:9      | 7351 ||| READING scroll of enchant armour.
  7351 | D:9      | 7351 ||| ENCHANTING +0 gold dragon scales.
  7366 | D:9      | Found a radiant altar of Vehumet.
  7546 | D:9      | 7546 ||| Stepping ~*~*~tactically~*~*~ (outnumbered).
  7547 | D:9      | 7547 ||| Stepping ~*~*~tactically~*~*~ (outnumbered).
  7578 | D:9      | Found an opulent altar of Gozag.
  7744 | D:9      | 7744 ||| READING 2 scrolls of identify.
  7744 | D:9      | 7744 ||| IDENTIFYING yellow potion
  7745 | D:9      | 7745 ||| DROPPING potion of magic.
  7861 | D:8      | 7861 ||| READING 3 scrolls of teleportation.
  7924 | D:8      | 7924 ||| PLANNING LAIR
  7976 | Lair:1   | Entered Level 1 of the Lair of Beasts
  8029 | Lair:1   | 8029 ||| INVOKING Fiery Armour.
  8030 | Lair:1   | 8030 ||| Stepping ~*~*~tactically~*~*~ (outnumbered).
  8031 | Lair:1   | 8031 ||| Stepping ~*~*~tactically~*~*~ (outnumbered).
  8032 | Lair:1   | 8032 ||| Stepping ~*~*~tactically~*~*~ (outnumbered).
  8033 | Lair:1   | 8033 ||| Stepping ~*~*~tactically~*~*~ (outnumbered).
  8035 | Lair:1   | 8035 ||| Stepping ~*~*~tactically~*~*~ (outnumbered).
  8036 | Lair:1   | 8036 ||| Stepping ~*~*~tactically~*~*~ (outnumbered).
  8037 | Lair:1   | 8037 ||| Stepping ~*~*~tactically~*~*~ (outnumbered).
  8040 | Lair:1   | 8040 ||| Stepping ~*~*~tactically~*~*~ (outnumbered).
  8048 | Lair:1   | Reached skill level 14 in Unarmed Combat
  8153 | Lair:1   | Noticed a four-headed hydra
  8154 | Lair:1   | 8154 ||| INVOKING Fiery Armour.
  8162 | Lair:1   | Killed an eight-headed hydra
  8163 | Lair:1   | Reached skill level 6 in Fighting
  8163 | Lair:1   | Reached XP level 11. HP: 78/105 MP: 11/11
  8219 | Lair:1   | 8219 ||| Stepping ~*~*~tactically~*~*~ (stealth).
  8220 | Lair:1   | 8220 ||| Stepping ~*~*~tactically~*~*~ (stealth).
  8224 | Lair:1   | 8224 ||| Stepping ~*~*~tactically~*~*~ (outnumbered).
  8467 | Lair:1   | 8467 ||| INVOKING Fiery Armour.
  8476 | Lair:1   | Reached skill level 15 in Unarmed Combat
  8578 | Lair:1   | 8578 ||| Stepping ~*~*~tactically~*~*~ (outnumbered).
  8579 | Lair:1   | 8579 ||| Stepping ~*~*~tactically~*~*~ (outnumbered).
  8580 | Lair:1   | 8580 ||| Stepping ~*~*~tactically~*~*~ (outnumbered).
  8585 | Lair:1   | Reached skill level 6 in Armour
  9017 | Lair:1   | 9017 ||| DRINKING 2 purple potions.
  9018 | Lair:1   | 9018 ||| DROPPING potion of flight.
  9060 | Lair:2   | 9060 ||| INVOKING Fiery Armour.
  9063 | Lair:2   | 9063 ||| STAIRDANCE
  9100 | Lair:2   | 9100 ||| STAIRDANCE
  9132 | Lair:2   | 9132 ||| STAIRDANCE
  9145 | Lair:2   | 9145 ||| STAIRDANCE
  9151 | Lair:2   | 9151 ||| STAIRDANCE
  9176 | Lair:2   | 9176 ||| STAIRDANCE
  9204 | Lair:2   | 9204 ||| INVOKING Fiery Armour.
  9206 | Lair:2   | 9206 ||| Stepping ~*~*~tactically~*~*~ (stealth).
  9232 | Lair:2   | 9232 ||| FLEEEEING.
  9233 | Lair:2   | 9233 ||| FLEEEEING.
  9234 | Lair:2   | 9234 ||| FLEEEEING.
  9236 | Lair:2   | 9236 ||| STAIRDANCE
  9290 | Lair:2   | 9290 ||| Stepping ~*~*~tactically~*~*~ (hiding).
  9427 | Lair:2   | 9427 ||| INVOKING Fiery Armour.
  9475 | Lair:2   | 9475 ||| Stepping ~*~*~tactically~*~*~ (outnumbered).
  9476 | Lair:2   | 9476 ||| Stepping ~*~*~tactically~*~*~ (outnumbered).
  9490 | Lair:2   | Reached skill level 16 in Unarmed Combat
  9760 | Lair:2   | 9760 ||| Stepping ~*~*~tactically~*~*~ (stealth).
  9761 | Lair:2   | 9761 ||| Stepping ~*~*~tactically~*~*~ (stealth).
  9762 | Lair:2   | 9762 ||| Stepping ~*~*~tactically~*~*~ (stealth).
  9763 | Lair:2   | 9763 ||| Stepping ~*~*~tactically~*~*~ (stealth).
  9764 | Lair:2   | 9764 ||| Stepping ~*~*~tactically~*~*~ (stealth).
  9767 | Lair:2   | 9767 ||| Stepping ~*~*~tactically~*~*~ (stealth).
  9772 | Lair:2   | 9772 ||| Stepping ~*~*~tactically~*~*~ (stealth).
  9783 | Lair:2   | Reached XP level 12. HP: 115/118 MP: 12/12
 10050 | Lair:2   | Found a runed translucent gate.
 10050 | Lair:2   | Found a runed translucent gate.
 10050 | Lair:2   | Found a runed translucent gate.
 10050 | Lair:2   | Noticed qw's ghost (journeyman TrCA)
 10192 | Lair:2   | 10192 ||| READING 2 scrolls of identify.
 10192 | Lair:2   | 10192 ||| IDENTIFYING grey potion
 10202 | Lair:3   | 10202 ||| INVOKING Fiery Armour.
 10205 | Lair:3   | 10205 ||| STAIRDANCE
 10222 | Lair:3   | 10222 ||| Stepping ~*~*~tactically~*~*~ (outnumbered).
 10223 | Lair:3   | 10223 ||| Stepping ~*~*~tactically~*~*~ (outnumbered).
 10224 | Lair:3   | 10224 ||| Stepping ~*~*~tactically~*~*~ (outnumbered).
 10225 | Lair:3   | 10225 ||| Stepping ~*~*~tactically~*~*~ (outnumbered).
 10226 | Lair:3   | 10226 ||| Stepping ~*~*~tactically~*~*~ (outnumbered).
 10227 | Lair:3   | 10227 ||| Stepping ~*~*~tactically~*~*~ (outnumbered).
 10228 | Lair:3   | 10228 ||| Stepping ~*~*~tactically~*~*~ (outnumbered).
 10229 | Lair:3   | 10229 ||| Stepping ~*~*~tactically~*~*~ (outnumbered).
 10231 | Lair:3   | 10231 ||| Stepping ~*~*~tactically~*~*~ (outnumbered).
 10232 | Lair:3   | 10232 ||| Stepping ~*~*~tactically~*~*~ (outnumbered).
 10236 | Lair:3   | 10236 ||| Stepping ~*~*~tactically~*~*~ (outnumbered).
 10239 | Lair:3   | 10239 ||| Stepping ~*~*~tactically~*~*~ (outnumbered).
 10240 | Lair:3   | 10240 ||| Stepping ~*~*~tactically~*~*~ (outnumbered).
 10241 | Lair:3   | 10241 ||| Stepping ~*~*~tactically~*~*~ (outnumbered).
 10242 | Lair:3   | 10242 ||| Stepping ~*~*~tactically~*~*~ (outnumbered).
 10286 | Lair:3   | 10286 ||| Stepping ~*~*~tactically~*~*~ (stealth).
 10292 | Lair:3   | 10292 ||| Stepping ~*~*~tactically~*~*~ (outnumbered).
 10303 | Lair:3   | Reached skill level 17 in Unarmed Combat
 10497 | Lair:3   | Found a hole to the Spider Nest.
 10539 | Lair:3   | 10539 ||| INVOKING Fiery Armour.
 10543 | Lair:3   | 10543 ||| Stepping ~*~*~tactically~*~*~ (outnumbered).
 10557 | Lair:3   | Noticed a catoblepas
 10566 | Lair:3   | Killed a catoblepas
 10604 | Lair:3   | 10604 ||| Stepping ~*~*~tactically~*~*~ (stealth).
 10612 | Lair:3   | 10612 ||| Stepping ~*~*~tactically~*~*~ (stealth).
 10669 | Lair:3   | Found a staircase to the Swamp.
 10670 | Lair:3   | 10670 ||| Stepping ~*~*~tactically~*~*~ (hiding).
 11052 | Lair:3   | 11052 ||| Stepping ~*~*~tactically~*~*~ (stealth).
 11124 | Lair:3   | 11124 ||| Stepping ~*~*~tactically~*~*~ (stealth).
 11142 | Lair:3   | Found the +8 whip "Snakebite" {venom, curare, rPois}
 11420 | Lair:4   | Reached skill level 18 in Unarmed Combat
 12005 | Lair:4   | 12005 ||| UPGRADING to ring of see invisible.
 12007 | Lair:4   | 12007 ||| READING scroll labelled CUETUL HERYSK.
 12034 | Lair:5   | Entered Level 5 of the Lair of Beasts
 12088 | Lair:5   | 12088 ||| Stepping ~*~*~tactically~*~*~ (hiding).
 12092 | Lair:5   | 12092 ||| DRINKING 2 potions of cancellation.
 12220 | Lair:5   | 12220 ||| Stepping ~*~*~tactically~*~*~ (stealth).
 12262 | Lair:5   | Reached XP level 13. HP: 106/127 MP: 13/13
 12308 | Lair:5   | 12308 ||| Stepping ~*~*~tactically~*~*~ (hiding).
 12325 | Lair:5   | 12325 ||| Stepping ~*~*~tactically~*~*~ (stealth).
 12330 | Lair:5   | 12330 ||| Stepping ~*~*~tactically~*~*~ (outnumbered).
 12343 | Lair:5   | 12343 ||| INVOKING Fiery Armour.
 12438 | Lair:5   | Found a staircase to the Slime Pits.
 12439 | Lair:5   | 12439 ||| PLANNING TEMPLE
 12439 | Lair:5   | Found a viscous altar of Jiyva.
 12642 | Temple   | Entered the Ecumenical Temple
 12660 | Temple   | 12660 ||| PLANNING CONVERSION TO OKAWARU
 12667 | Temple   | Fell from the grace of Ignis
 12667 | Temple   | Became a worshipper of Warmaster Okawaru
 12668 | Temple   | 12668 ||| PLANNING LAIR
 12935 | Lair:5   | 12935 ||| Stepping ~*~*~tactically~*~*~ (outnumbered).
 12965 | Lair:5   | HP: 30/127 [blink frog (12)]
 12966 | Lair:5   | 12966 ||| DRINKING 2 potions of heal wounds.
 12981 | Lair:5   | 12981 ||| Stepping ~*~*~tactically~*~*~ (stealth).
 12984 | Lair:5   | Reached * piety under Okawaru
 13129 | Lair:5   | 13129 ||| Stepping ~*~*~tactically~*~*~ (stealth).
 13130 | Lair:5   | 13130 ||| Stepping ~*~*~tactically~*~*~ (stealth).
 13135 | Lair:5   | 13135 ||| Stepping ~*~*~tactically~*~*~ (stealth).
 13152 | Lair:5   | 13152 ||| Stepping ~*~*~tactically~*~*~ (outnumbered).
 13153 | Lair:5   | 13153 ||| Stepping ~*~*~tactically~*~*~ (outnumbered).
 13155 | Lair:5   | Reached skill level 1 in Invocations
 13230 | Lair:5   | 13230 ||| INVOKING Heroism.
 13233 | Lair:5   | 13233 ||| Stepping ~*~*~tactically~*~*~ (outnumbered).
 13238 | Lair:5   | 13238 ||| Stepping ~*~*~tactically~*~*~ (outnumbered).
 13240 | Lair:5   | 13240 ||| Stepping ~*~*~tactically~*~*~ (outnumbered).
 13241 | Lair:5   | 13241 ||| Stepping ~*~*~tactically~*~*~ (outnumbered).
 13242 | Lair:5   | 13242 ||| Stepping ~*~*~tactically~*~*~ (outnumbered).
 13243 | Lair:5   | 13243 ||| Stepping ~*~*~tactically~*~*~ (outnumbered).
 13244 | Lair:5   | 13244 ||| Stepping ~*~*~tactically~*~*~ (outnumbered).
 13245 | Lair:5   | 13245 ||| Stepping ~*~*~tactically~*~*~ (outnumbered).
 13246 | Lair:5   | 13246 ||| Stepping ~*~*~tactically~*~*~ (outnumbered).
 13247 | Lair:5   | 13247 ||| Stepping ~*~*~tactically~*~*~ (outnumbered).
 13248 | Lair:5   | 13248 ||| Stepping ~*~*~tactically~*~*~ (outnumbered).
 13249 | Lair:5   | 13249 ||| INVOKING Heroism.
 13250 | Lair:5   | 13250 ||| Stepping ~*~*~tactically~*~*~ (outnumbered).
 13251 | Lair:5   | 13251 ||| Stepping ~*~*~tactically~*~*~ (outnumbered).
 13252 | Lair:5   | 13252 ||| Stepping ~*~*~tactically~*~*~ (outnumbered).
 13253 | Lair:5   | 13253 ||| Stepping ~*~*~tactically~*~*~ (outnumbered).
 13254 | Lair:5   | 13254 ||| Stepping ~*~*~tactically~*~*~ (outnumbered).
 13276 | Lair:5   | 13276 ||| INVOKING Heroism.
 13284 | Lair:5   | Reached ** piety under Okawaru
 13292 | Lair:5   | Reached skill level 3 in Invocations
 13300 | Lair:5   | 13300 ||| INVOKING Heroism.
 13440 | Lair:5   | Found a runed translucent gate.
 13440 | Lair:5   | Found a runed translucent gate.
 13440 | Lair:5   | Found a runed translucent gate.
 13445 | Lair:5   | Noticed qw's ghost (journeyman TrCA)
 13445 | Lair:5   | Noticed qw's ghost (journeyman TrCA)
 13456 | Lair:5   | 13456 ||| INVOKING Heroism.
 13484 | Lair:5   | 13484 ||| INVOKING Heroism.
 13522 | Lair:5   | 13522 ||| INVOKING Heroism.
 13617 | Lair:5   | 13617 ||| DRINKING 5 potions of curing.
 13617 | Lair:5   | 13617 ||| (to cure confusion)
 13623 | Lair:5   | 13623 ||| INVOKING Heroism.
 13730 | Lair:5   | 13730 ||| Stepping ~*~*~tactically~*~*~ (stealth).
 13731 | Lair:5   | 13731 ||| Stepping ~*~*~tactically~*~*~ (stealth).
 13780 | Lair:5   | 13780 ||| INVOKING Heroism.
 13781 | Lair:5   | 13781 ||| Stepping ~*~*~tactically~*~*~ (outnumbered).
 13782 | Lair:5   | 13782 ||| Stepping ~*~*~tactically~*~*~ (outnumbered).
 13783 | Lair:5   | 13783 ||| Stepping ~*~*~tactically~*~*~ (outnumbered).
 13784 | Lair:5   | 13784 ||| Stepping ~*~*~tactically~*~*~ (outnumbered).
 13785 | Lair:5   | 13785 ||| Stepping ~*~*~tactically~*~*~ (outnumbered).
 13836 | Lair:5   | 13836 ||| Stepping ~*~*~tactically~*~*~ (outnumbered).
 13837 | Lair:5   | 13837 ||| Stepping ~*~*~tactically~*~*~ (outnumbered).
 13838 | Lair:5   | 13838 ||| Stepping ~*~*~tactically~*~*~ (outnumbered).
 13841 | Lair:5   | 13841 ||| Stepping ~*~*~tactically~*~*~ (outnumbered).
 13842 | Lair:5   | 13842 ||| Stepping ~*~*~tactically~*~*~ (outnumbered).
 13912 | Lair:5   | 13912 ||| Stepping ~*~*~tactically~*~*~ (outnumbered).
 13913 | Lair:5   | 13913 ||| Stepping ~*~*~tactically~*~*~ (outnumbered).
 13914 | Lair:5   | 13914 ||| Stepping ~*~*~tactically~*~*~ (outnumbered).
 13915 | Lair:5   | 13915 ||| Stepping ~*~*~tactically~*~*~ (outnumbered).
 13916 | Lair:5   | 13916 ||| Stepping ~*~*~tactically~*~*~ (outnumbered).
 13921 | Lair:5   | Reached skill level 19 in Unarmed Combat
 13923 | Lair:5   | Reached *** piety under Okawaru
 13925 | Lair:5   | 13925 ||| FLEEEEING.
 13926 | Lair:5   | 13926 ||| FLEEEEING.
 13927 | Lair:5   | 13927 ||| FLEEEEING.
 13928 | Lair:5   | 13928 ||| FLEEEEING.
 13929 | Lair:5   | 13929 ||| FLEEEEING.
 13930 | Lair:5   | 13930 ||| FLEEEEING.
 13934 | Lair:5   | 13934 ||| FLEEEEING.
 13935 | Lair:5   | 13935 ||| FLEEEEING.
 13936 | Lair:5   | 13936 ||| FLEEEEING.
 13937 | Lair:5   | 13937 ||| FLEEEEING.
 14179 | Lair:5   | 14179 ||| INVOKING Heroism.
 14314 | Lair:5   | 14314 ||| Stepping ~*~*~tactically~*~*~ (stealth).
 14316 | Lair:5   | 14316 ||| Stepping ~*~*~tactically~*~*~ (stealth).
 14403 | Lair:5   | 14403 ||| READING 2 scrolls of teleportation.
 14404 | Lair:5   | 14404 ||| PLANNING D:1-11
 14575 | Lair:1   | You fall into a shaft and drop 1 floor!
 14758 | D:10     | Entered Level 10 of the Dungeon
 14759 | D:10     | 14759 ||| INVOKING Heroism.
 14761 | D:10     | 14761 ||| STAIRDANCE
 14777 | D:10     | 14777 ||| STAIRDANCE
 14782 | D:9      | 14782 ||| Stepping ~*~*~tactically~*~*~ (outnumbered).
 14783 | D:9      | 14783 ||| Stepping ~*~*~tactically~*~*~ (outnumbered).
 14791 | D:10     | 14791 ||| Stepping ~*~*~tactically~*~*~ (outnumbered).
 14792 | D:10     | 14792 ||| Stepping ~*~*~tactically~*~*~ (outnumbered).
 14793 | D:10     | 14793 ||| Stepping ~*~*~tactically~*~*~ (outnumbered).
 14794 | D:10     | 14794 ||| Stepping ~*~*~tactically~*~*~ (outnumbered).
 14797 | D:10     | 14797 ||| Stepping ~*~*~tactically~*~*~ (outnumbered).
 14798 | D:10     | 14798 ||| Stepping ~*~*~tactically~*~*~ (outnumbered).
 14799 | D:10     | 14799 ||| Stepping ~*~*~tactically~*~*~ (outnumbered).
 14800 | D:10     | 14800 ||| Stepping ~*~*~tactically~*~*~ (outnumbered).
 14804 | D:10     | 14804 ||| Stepping ~*~*~tactically~*~*~ (outnumbered).
 14893 | D:10     | Received a gift from Okawaru
 14929 | D:10     | 14929 ||| Stepping ~*~*~tactically~*~*~ (hiding).
 14931 | D:10     | 14931 ||| Stepping ~*~*~tactically~*~*~ (stealth).
 14932 | D:10     | 14932 ||| Stepping ~*~*~tactically~*~*~ (stealth).
 14935 | D:10     | 14935 ||| INVOKING Heroism.
 14936 | D:10     | 14936 ||| Stepping ~*~*~tactically~*~*~ (outnumbered).
 14938 | D:10     | 14938 ||| Stepping ~*~*~tactically~*~*~ (hiding).
 14939 | D:10     | 14939 ||| Stepping ~*~*~tactically~*~*~ (outnumbered).
 14970 | D:10     | 14970 ||| Stepping ~*~*~tactically~*~*~ (stealth).
 14981 | D:10     | 14981 ||| Stepping ~*~*~tactically~*~*~ (hiding).
 14982 | D:10     | 14982 ||| Stepping ~*~*~tactically~*~*~ (hiding).
 14983 | D:10     | 14983 ||| Stepping ~*~*~tactically~*~*~ (hiding).
 15201 | D:10     | 15201 ||| Stepping ~*~*~tactically~*~*~ (outnumbered).
 15203 | D:10     | 15203 ||| Stepping ~*~*~tactically~*~*~ (outnumbered).
 15249 | D:10     | You fall into a shaft and drop 1 floor!
 15249 | D:11     | Was forgiven by Ignis
 15252 | D:11     | 15252 ||| INVOKING Heroism.
 15600 | D:11     | Reached skill level 9 in Fighting
 15658 | D:11     | 15658 ||| INVOKING Heroism.
 15660 | D:11     | 15660 ||| Stepping ~*~*~tactically~*~*~ (outnumbered).
 15661 | D:11     | 15661 ||| Stepping ~*~*~tactically~*~*~ (outnumbered).
 15687 | D:11     | Found a staircase to the Orcish Mines.
 15769 | D:11     | 15769 ||| FLEEEEING.
 15770 | D:11     | 15770 ||| FLEEEEING.
 15771 | D:11     | 15771 ||| FLEEEEING.
 15780 | D:11     | 15780 ||| STAIRDANCE
 15810 | D:11     | 15810 ||| STAIRDANCE
 15982 | D:11     | 15982 ||| INVOKING Heroism.
 15987 | D:11     | 15987 ||| Stepping ~*~*~tactically~*~*~ (outnumbered).
 15988 | D:11     | 15988 ||| Stepping ~*~*~tactically~*~*~ (outnumbered).
 15989 | D:11     | 15989 ||| Stepping ~*~*~tactically~*~*~ (outnumbered).
 15992 | D:11     | 15992 ||| Stepping ~*~*~tactically~*~*~ (outnumbered).
 15997 | D:11     | 15997 ||| Stepping ~*~*~tactically~*~*~ (outnumbered).
 16201 | D:11     | Reached skill level 3 in Throwing
 16297 | D:11     | 16297 ||| PLANNING D
 16297 | D:11     | 16297 ||| DROPPING ring of ice.
 16298 | D:11     | 16298 ||| UPGRADING to +6 ring of strength.
 16326 | D:12     | Reached XP level 14. HP: 139/140 MP: 16/16
 16327 | D:12     | 16327 ||| Stepping ~*~*~tactically~*~*~ (hiding).
 16428 | D:12     | 16428 ||| Stepping ~*~*~tactically~*~*~ (stealth).
 16453 | D:12     | 16453 ||| Stepping ~*~*~tactically~*~*~ (hiding).
 16464 | D:12     | 16464 ||| Stepping ~*~*~tactically~*~*~ (hiding).
 16509 | D:12     | 16509 ||| INVOKING Heroism.
 16755 | D:12     | 16755 ||| Stepping ~*~*~tactically~*~*~ (hiding).
 16847 | D:12     | 16847 ||| INVOKING Heroism.
 16850 | D:12     | 16850 ||| Stepping ~*~*~tactically~*~*~ (stealth).
 16851 | D:12     | 16851 ||| Stepping ~*~*~tactically~*~*~ (stealth).
 16856 | D:12     | 16856 ||| Stepping ~*~*~tactically~*~*~ (outnumbered).
 16857 | D:12     | 16857 ||| Stepping ~*~*~tactically~*~*~ (outnumbered).
 17402 | D:13     | Reached **** piety under Okawaru
 17452 | D:13     | 17452 ||| Stepping ~*~*~tactically~*~*~ (outnumbered).
 17453 | D:13     | 17453 ||| Stepping ~*~*~tactically~*~*~ (outnumbered).
 17454 | D:13     | 17454 ||| Stepping ~*~*~tactically~*~*~ (outnumbered).
 17455 | D:13     | 17455 ||| Stepping ~*~*~tactically~*~*~ (outnumbered).
 17456 | D:13     | 17456 ||| Stepping ~*~*~tactically~*~*~ (outnumbered).
 17457 | D:13     | 17457 ||| Stepping ~*~*~tactically~*~*~ (outnumbered).
 17458 | D:13     | 17458 ||| Stepping ~*~*~tactically~*~*~ (outnumbered).
 17459 | D:13     | 17459 ||| Stepping ~*~*~tactically~*~*~ (outnumbered).
 17463 | D:13     | 17463 ||| Stepping ~*~*~tactically~*~*~ (outnumbered).
 17464 | D:13     | 17464 ||| Stepping ~*~*~tactically~*~*~ (outnumbered).
 17465 | D:13     | 17465 ||| Stepping ~*~*~tactically~*~*~ (outnumbered).
 17466 | D:13     | 17466 ||| Stepping ~*~*~tactically~*~*~ (outnumbered).
 17467 | D:13     | 17467 ||| Stepping ~*~*~tactically~*~*~ (outnumbered).
 17470 | D:13     | 17470 ||| Stepping ~*~*~tactically~*~*~ (outnumbered).
 17471 | D:13     | 17471 ||| Stepping ~*~*~tactically~*~*~ (outnumbered).
 17473 | D:13     | 17473 ||| INVOKING Heroism.
 17571 | D:13     | 17571 ||| Stepping ~*~*~tactically~*~*~ (hiding).
 17577 | D:13     | 17577 ||| INVOKING Heroism.
 17583 | D:13     | 17583 ||| Stepping ~*~*~tactically~*~*~ (outnumbered).
 17626 | D:13     | 17626 ||| Stepping ~*~*~tactically~*~*~ (hiding).
 17634 | D:13     | 17634 ||| INVOKING Heroism.
 17635 | D:13     | 17635 ||| Stepping ~*~*~tactically~*~*~ (outnumbered).
 17653 | D:13     | 17653 ||| INVOKING Heroism.
 17744 | D:13     | 17744 ||| Stepping ~*~*~tactically~*~*~ (stealth).
 17751 | D:13     | Reached skill level 6 in Throwing
 17771 | D:13     | 17771 ||| Stepping ~*~*~tactically~*~*~ (stealth).
 17776 | D:13     | Found a gate to the Vaults.
 17783 | D:13     | 17783 ||| FLEEEEING.
 17784 | D:13     | 17784 ||| FLEEEEING.
 17785 | D:13     | 17785 ||| FLEEEEING.
 17786 | D:13     | 17786 ||| FLEEEEING.
 17787 | D:13     | 17787 ||| FLEEEEING.
 17788 | D:13     | 17788 ||| FLEEEEING.
 17789 | D:13     | 17789 ||| FLEEEEING.
 17790 | D:13     | 17790 ||| FLEEEEING.
 17791 | D:13     | 17791 ||| FLEEEEING.
 17792 | D:13     | 17792 ||| FLEEEEING.
 17793 | D:13     | 17793 ||| FLEEEEING.
 17794 | D:13     | 17794 ||| FLEEEEING.
 17795 | D:13     | 17795 ||| FLEEEEING.
 17801 | D:13     | 17801 ||| INVOKING Heroism.
 17811 | D:13     | Received a gift from Okawaru
 17826 | D:13     | 17826 ||| Stepping ~*~*~tactically~*~*~ (stealth).
 17828 | D:13     | 17828 ||| Stepping ~*~*~tactically~*~*~ (stealth).
 17973 | D:13     | Identified the ring of Lyhimuw {Will+ Str+6 Dex+6 Slay-2}
 17974 | D:13     | 17974 ||| Stepping ~*~*~tactically~*~*~ (stealth).
 17975 | D:13     | 17975 ||| INVOKING Heroism.
 17987 | D:13     | Received a gift from Okawaru
 17991 | D:13     | Reached skill level 6 in Invocations
 17996 | D:13     | 17996 ||| Stepping ~*~*~tactically~*~*~ (hiding).
 17998 | D:13     | 17998 ||| Stepping ~*~*~tactically~*~*~ (hiding).
 17999 | D:13     | 17999 ||| Stepping ~*~*~tactically~*~*~ (hiding).
 18041 | D:13     | 18041 ||| Stepping ~*~*~tactically~*~*~ (stealth).
 18292 | D:13     | 18292 ||| Stepping ~*~*~tactically~*~*~ (outnumbered).
 18293 | D:13     | 18293 ||| Stepping ~*~*~tactically~*~*~ (outnumbered).
 18535 | D:13     | Reached ***** piety under Okawaru
 18675 | D:13     | 18675 ||| UPGRADING to +0 kite shield.
 18680 | D:13     | 18680 ||| DROPPING amulet of the acrobat.
 18681 | D:13     | 18681 ||| DROPPING ring of positive energy.
 18682 | D:13     | 18682 ||| UPGRADING to ring of Lyhimuw {Will+ Str+6 Dex+6
                  | Slay-2}.
 18684 | D:13     | 18684 ||| DROPPING ring of protection from cold.
 18685 | D:13     | 18685 ||| DROPPING ring of wizardry.
 18686 | D:13     | 18686 ||| UPGRADING to ring of see invisible.
 18714 | D:14     | 18714 ||| Stepping ~*~*~tactically~*~*~ (stealth).
 18715 | D:14     | 18715 ||| STAIRDANCE
 18729 | D:14     | 18729 ||| STAIRDANCE
 18731 | D:13     | 18731 ||| Stepping ~*~*~tactically~*~*~ (outnumbered).
 18733 | D:13     | Received a gift from Okawaru
 18734 | D:13     | Reached skill level 1 in Shields
 18775 | D:14     | 18775 ||| STAIRDANCE
 18777 | D:13     | 18777 ||| Stepping ~*~*~tactically~*~*~ (outnumbered).
 18788 | D:13     | 18788 ||| INVOKING Heroism.
 18844 | D:14     | 18844 ||| STAIRDANCE
 18889 | D:14     | 18889 ||| Stepping ~*~*~tactically~*~*~ (hiding).
 18895 | D:14     | 18895 ||| Stepping ~*~*~tactically~*~*~ (hiding).
 18900 | D:14     | 18900 ||| INVOKING Heroism.
 18903 | D:14     | 18903 ||| INVOKING Finesse.
 18914 | D:14     | Reached skill level 3 in Shields
 19125 | D:14     | Found Qureg's Magic Scroll Shop.
 19126 | D:14     | 19126 ||| INVOKING Heroism.
 19127 | D:14     | 19127 ||| INVOKING Finesse.
 19208 | D:14     | 19208 ||| Stepping ~*~*~tactically~*~*~ (stealth).
 19210 | D:14     | Identified the +1 animal skin "Bioshigg" {rElec} (Okawaru
                  | gifted it to you on level 14 of the Dungeon)
 19210 | D:14     | Received a gift from Okawaru
 19215 | D:14     | 19215 ||| Stepping ~*~*~tactically~*~*~ (outnumbered).
 19269 | D:14     | 19269 ||| INVOKING Heroism.
 19271 | D:14     | 19271 ||| Stepping ~*~*~tactically~*~*~ (stealth).
 19300 | D:14     | 19300 ||| Stepping ~*~*~tactically~*~*~ (hiding).
 19305 | D:14     | 19305 ||| INVOKING Heroism.
 19306 | D:14     | 19306 ||| Stepping ~*~*~tactically~*~*~ (outnumbered).
 19309 | D:14     | 19309 ||| Stepping ~*~*~tactically~*~*~ (outnumbered).
 19424 | D:14     | Noticed Louise
 19425 | D:14     | 19425 ||| Stepping ~*~*~tactically~*~*~ (hiding).
 19429 | D:14     | 19429 ||| INVOKING Heroism.
 19430 | D:14     | 19430 ||| INVOKING Finesse.
 19438 | D:14     | Killed Louise
 19439 | D:14     | 19439 ||| Stepping ~*~*~tactically~*~*~ (hiding).
 19444 | D:14     | Noticed Azrael
 19447 | D:14     | 19447 ||| Stepping ~*~*~tactically~*~*~ (hiding).
 19452 | D:14     | Reached XP level 15. HP: 145/146 MP: 13/20
 19456 | D:14     | Killed Azrael
 19509 | D:14     | 19509 ||| Stepping ~*~*~tactically~*~*~ (stealth).
 19511 | D:14     | 19511 ||| INVOKING Heroism.
 19612 | D:14     | 19612 ||| UPGRADING to +0 tower shield.
 19622 | D:14     | 19622 ||| DROPPING +0 kite shield.
 19645 | D:15     | Entered Level 15 of the Dungeon
 19732 | D:15     | 19732 ||| Stepping ~*~*~tactically~*~*~ (hiding).
 19739 | D:15     | 19739 ||| Stepping ~*~*~tactically~*~*~ (cloud).
 19766 | D:15     | Identified the ring of Vyaroq {rN+ Will+}
 19780 | D:15     | 19780 ||| INVOKING Heroism.
 19790 | D:15     | Reached skill level 9 in Invocations
 19829 | D:15     | Reached skill level 6 in Shields
 19849 | D:15     | Found an ornate altar of the Wu Jian Council.
 19934 | D:15     | Identified the ring "Omu Loat" {Wiz Str+6}
 19955 | D:15     | 19955 ||| DRINKING potion of cancellation.
 19970 | D:15     | 19970 ||| Stepping ~*~*~tactically~*~*~ (cloud).
 20011 | D:15     | 20011 ||| Stepping ~*~*~tactically~*~*~ (outnumbered).
 20066 | D:15     | 20066 ||| Stepping ~*~*~tactically~*~*~ (stealth).
 20071 | D:15     | 20071 ||| Stepping ~*~*~tactically~*~*~ (stealth).
 20083 | D:15     | 20083 ||| Stepping ~*~*~tactically~*~*~ (stealth).
 20087 | D:15     | 20087 ||| Stepping ~*~*~tactically~*~*~ (stealth).
 20099 | D:15     | 20099 ||| INVOKING Heroism.
 20126 | D:15     | Identified the ring "Angatiec" {Will+ Int+6}
 20139 | D:15     | Found a shimmering altar of Xom.
 20227 | D:15     | Paralysed by a great orb of eyes for 3 turns
 20268 | D:15     | 20268 ||| INVOKING Heroism.
 20303 | D:15     | Identified the ring "Ciropu Kosh" {Str+4 Int+6}
 20360 | D:15     | Found a glowing golden altar of the Shining One.
 20419 | D:15     | 20419 ||| INVOKING Heroism.
 20446 | D:15     | 20446 ||| Stepping ~*~*~tactically~*~*~ (outnumbered).
 20454 | D:15     | 20454 ||| Stepping ~*~*~tactically~*~*~ (outnumbered).
 20483 | D:15     | 20483 ||| INVOKING Heroism.
 20500 | D:15     | Identified the +1 robe of the Watchman {Harm} (Okawaru
                  | gifted it to you on level 15 of the Dungeon)
 20500 | D:15     | Received a gift from Okawaru
 20565 | D:15     | Reached skill level 9 in Shields
 20577 | D:15     | Found a staircase to the Depths.
 20577 | D:15     | Found a transporter.
 20577 | D:15     | Noticed a frost giant
 20582 | D:15     | Killed a frost giant
 20600 | D:15     | 20600 ||| INVOKING Heroism.
 20601 | D:15     | 20601 ||| INVOKING Finesse.
 20688 | D:15     | 20688 ||| INVOKING Heroism.
 20689 | D:15     | 20689 ||| INVOKING Finesse.
 20759 | D:15     | Identified the +4 ring mail of Absolutism {rF+ rC+ Str-4}
 20770 | D:15     | 20770 ||| Stepping ~*~*~tactically~*~*~ (stealth).
 20772 | D:15     | 20772 ||| INVOKING Heroism.
 20773 | D:15     | 20773 ||| INVOKING Finesse.
 20776 | D:15     | 20776 ||| Stepping ~*~*~tactically~*~*~ (outnumbered).
 20778 | D:15     | 20778 ||| Stepping ~*~*~tactically~*~*~ (outnumbered).
 20828 | D:15     | Found a transporter.
 20832 | D:15     | 20832 ||| UPGRADING to +0 cloak.
 20837 | D:15     | 20837 ||| PLANNING ORC
 20837 | D:15     | 20837 ||| DROPPING amulet of magic regeneration.
 20838 | D:15     | 20838 ||| DROPPING +6 ring of dexterity.
 20839 | D:15     | 20839 ||| DROPPING ring of Vyaroq {rN+ Will+}.
 20840 | D:15     | 20840 ||| DROPPING ring "Omu Loat" {Wiz Str+6}.
 20841 | D:15     | 20841 ||| DROPPING ring "Angatiec" {Will+ Int+6}.
 20842 | D:15     | 20842 ||| DROPPING +6 ring of intelligence.
 20843 | D:15     | 20843 ||| DROPPING ring "Ciropu Kosh" {Str+4 Int+6}.
 20844 | D:15     | 20844 ||| DROPPING ring of magical power.
 20845 | D:15     | 20845 ||| DROPPING +6 ring of strength.
 20948 | Orc:1    | Entered Level 1 of the Orcish Mines
 20951 | Orc:1    | 20951 ||| INVOKING Heroism.
 20958 | Orc:1    | 20958 ||| Stepping ~*~*~tactically~*~*~ (outnumbered).
 20960 | Orc:1    | 20960 ||| Stepping ~*~*~tactically~*~*~ (outnumbered).
 20961 | Orc:1    | 20961 ||| Stepping ~*~*~tactically~*~*~ (outnumbered).
 20962 | Orc:1    | 20962 ||| Stepping ~*~*~tactically~*~*~ (outnumbered).
 20963 | Orc:1    | 20963 ||| Stepping ~*~*~tactically~*~*~ (outnumbered).
 20964 | Orc:1    | 20964 ||| Stepping ~*~*~tactically~*~*~ (outnumbered).
 20965 | Orc:1    | 20965 ||| Stepping ~*~*~tactically~*~*~ (outnumbered).
 20967 | Orc:1    | 20967 ||| Stepping ~*~*~tactically~*~*~ (outnumbered).
 20970 | Orc:1    | 20970 ||| Stepping ~*~*~tactically~*~*~ (outnumbered).
 20971 | Orc:1    | 20971 ||| Stepping ~*~*~tactically~*~*~ (outnumbered).
 20979 | Orc:1    | 20979 ||| Stepping ~*~*~tactically~*~*~ (outnumbered).
 20980 | Orc:1    | 20980 ||| Stepping ~*~*~tactically~*~*~ (outnumbered).
 20983 | Orc:1    | 20983 ||| Stepping ~*~*~tactically~*~*~ (outnumbered).
 20987 | Orc:1    | 20987 ||| Stepping ~*~*~tactically~*~*~ (outnumbered).
 20988 | Orc:1    | 20988 ||| Stepping ~*~*~tactically~*~*~ (outnumbered).
 21006 | Orc:1    | 21006 ||| INVOKING Heroism.
 21022 | Orc:1    | 21022 ||| Stepping ~*~*~tactically~*~*~ (outnumbered).
 21024 | Orc:1    | 21024 ||| Stepping ~*~*~tactically~*~*~ (outnumbered).
 21026 | Orc:1    | 21026 ||| Stepping ~*~*~tactically~*~*~ (outnumbered).
 21069 | Orc:1    | 21069 ||| Stepping ~*~*~tactically~*~*~ (stealth).
 21183 | Orc:1    | 21183 ||| Stepping ~*~*~tactically~*~*~ (hiding).
 21184 | Orc:1    | 21184 ||| Stepping ~*~*~tactically~*~*~ (hiding).
 21210 | Orc:1    | 21210 ||| INVOKING Heroism.
 21280 | Orc:1    | 21280 ||| Stepping ~*~*~tactically~*~*~ (hiding).
 21281 | Orc:1    | 21281 ||| Stepping ~*~*~tactically~*~*~ (hiding).
 21287 | Orc:1    | 21287 ||| Stepping ~*~*~tactically~*~*~ (hiding).
 21292 | Orc:1    | 21292 ||| Stepping ~*~*~tactically~*~*~ (outnumbered).
 21557 | Orc:2    | Entered Level 2 of the Orcish Mines
 21585 | Orc:2    | Reached XP level 16. HP: 156/156 MP: 22/22
 21585 | Orc:2    | 21585 ||| INVOKING Heroism.
 21599 | Orc:2    | 21599 ||| Stepping ~*~*~tactically~*~*~ (outnumbered).
 21601 | Orc:2    | 21601 ||| Stepping ~*~*~tactically~*~*~ (outnumbered).
 21602 | Orc:2    | 21602 ||| Stepping ~*~*~tactically~*~*~ (outnumbered).
 21603 | Orc:2    | 21603 ||| Stepping ~*~*~tactically~*~*~ (outnumbered).
 21604 | Orc:2    | 21604 ||| Stepping ~*~*~tactically~*~*~ (outnumbered).
 21605 | Orc:2    | 21605 ||| Stepping ~*~*~tactically~*~*~ (outnumbered).
 21607 | Orc:2    | 21607 ||| Stepping ~*~*~tactically~*~*~ (outnumbered).
 21608 | Orc:2    | 21608 ||| Stepping ~*~*~tactically~*~*~ (outnumbered).
 21609 | Orc:2    | 21609 ||| Stepping ~*~*~tactically~*~*~ (outnumbered).
 21610 | Orc:2    | 21610 ||| Stepping ~*~*~tactically~*~*~ (outnumbered).
 21611 | Orc:2    | 21611 ||| Stepping ~*~*~tactically~*~*~ (hiding).
 21614 | Orc:2    | 21614 ||| Stepping ~*~*~tactically~*~*~ (outnumbered).
 21615 | Orc:2    | 21615 ||| Stepping ~*~*~tactically~*~*~ (hiding).
 21624 | Orc:2    | 21624 ||| INVOKING Heroism.
 21634 | Orc:2    | 21634 ||| Stepping ~*~*~tactically~*~*~ (outnumbered).
 21643 | Orc:2    | HP: 33/154 [orc knight/+0 bardiche (15)]
 21644 | Orc:2    | 21644 ||| READING 5 scrolls of teleportation.
 21645 | Orc:2    | 21645 ||| DRINKING 3 potions of heal wounds.
 21655 | Orc:2    | 21655 ||| FLEEEEING.
 21704 | Orc:2    | 21704 ||| FLEEEEING.
 21705 | Orc:2    | 21705 ||| STAIRDANCE
 21728 | Orc:2    | 21728 ||| Stepping ~*~*~tactically~*~*~ (hiding).
 21730 | Orc:2    | 21730 ||| INVOKING Heroism.
 21835 | Orc:2    | 21835 ||| INVOKING Heroism.
 21836 | Orc:2    | 21836 ||| Stepping ~*~*~tactically~*~*~ (outnumbered).
 21837 | Orc:2    | 21837 ||| Stepping ~*~*~tactically~*~*~ (hiding).
 21838 | Orc:2    | 21838 ||| Stepping ~*~*~tactically~*~*~ (outnumbered).
 21839 | Orc:2    | 21839 ||| Stepping ~*~*~tactically~*~*~ (hiding).
 21841 | Orc:2    | 21841 ||| Stepping ~*~*~tactically~*~*~ (outnumbered).
 21842 | Orc:2    | 21842 ||| Stepping ~*~*~tactically~*~*~ (hiding).
 21843 | Orc:2    | 21843 ||| Stepping ~*~*~tactically~*~*~ (outnumbered).
 21844 | Orc:2    | 21844 ||| Stepping ~*~*~tactically~*~*~ (hiding).
 21845 | Orc:2    | 21845 ||| Stepping ~*~*~tactically~*~*~ (outnumbered).
 21846 | Orc:2    | 21846 ||| Stepping ~*~*~tactically~*~*~ (hiding).
 21848 | Orc:2    | 21848 ||| Stepping ~*~*~tactically~*~*~ (outnumbered).
 21851 | Orc:2    | 21851 ||| Stepping ~*~*~tactically~*~*~ (hiding).
 21852 | Orc:2    | 21852 ||| Stepping ~*~*~tactically~*~*~ (outnumbered).
 21860 | Orc:2    | 21860 ||| Stepping ~*~*~tactically~*~*~ (outnumbered).
 21861 | Orc:2    | 21861 ||| Stepping ~*~*~tactically~*~*~ (hiding).
 21866 | Orc:2    | 21866 ||| Stepping ~*~*~tactically~*~*~ (hiding).
 21868 | Orc:2    | 21868 ||| Stepping ~*~*~tactically~*~*~ (outnumbered).
 21872 | Orc:2    | 21872 ||| Stepping ~*~*~tactically~*~*~ (outnumbered).
 21875 | Orc:2    | 21875 ||| Stepping ~*~*~tactically~*~*~ (outnumbered).
 21884 | Orc:2    | 21884 ||| Stepping ~*~*~tactically~*~*~ (hiding).
 21887 | Orc:2    | 21887 ||| Stepping ~*~*~tactically~*~*~ (outnumbered).
 21889 | Orc:2    | 21889 ||| Stepping ~*~*~tactically~*~*~ (outnumbered).
 21898 | Orc:2    | 21898 ||| Stepping ~*~*~tactically~*~*~ (outnumbered).
 21899 | Orc:2    | 21899 ||| Stepping ~*~*~tactically~*~*~ (hiding).
 21901 | Orc:2    | 21901 ||| INVOKING Heroism.
 21902 | Orc:2    | 21902 ||| Stepping ~*~*~tactically~*~*~ (outnumbered).
 21907 | Orc:2    | 21907 ||| Stepping ~*~*~tactically~*~*~ (outnumbered).
 21908 | Orc:2    | 21908 ||| Stepping ~*~*~tactically~*~*~ (outnumbered).
 21917 | Orc:2    | 21917 ||| Stepping ~*~*~tactically~*~*~ (hiding).
 21920 | Orc:2    | 21920 ||| Stepping ~*~*~tactically~*~*~ (hiding).
 21922 | Orc:2    | 21922 ||| Stepping ~*~*~tactically~*~*~ (outnumbered).
 21923 | Orc:2    | 21923 ||| Stepping ~*~*~tactically~*~*~ (hiding).
 21924 | Orc:2    | 21924 ||| Stepping ~*~*~tactically~*~*~ (hiding).
 21925 | Orc:2    | 21925 ||| Stepping ~*~*~tactically~*~*~ (hiding).
 21926 | Orc:2    | 21926 ||| Stepping ~*~*~tactically~*~*~ (outnumbered).
 21927 | Orc:2    | 21927 ||| Stepping ~*~*~tactically~*~*~ (outnumbered).
 21931 | Orc:2    | 21931 ||| Stepping ~*~*~tactically~*~*~ (outnumbered).
 21933 | Orc:2    | 21933 ||| Stepping ~*~*~tactically~*~*~ (outnumbered).
 21934 | Orc:2    | 21934 ||| Stepping ~*~*~tactically~*~*~ (outnumbered).
 21936 | Orc:2    | 21936 ||| Stepping ~*~*~tactically~*~*~ (outnumbered).
 21939 | Orc:2    | 21939 ||| Stepping ~*~*~tactically~*~*~ (outnumbered).
 21981 | Orc:2    | 21981 ||| Stepping ~*~*~tactically~*~*~ (stealth).
 21982 | Orc:2    | 21982 ||| INVOKING Heroism.
 21985 | Orc:2    | 21985 ||| INVOKING Finesse.
 21989 | Orc:2    | 21989 ||| Stepping ~*~*~tactically~*~*~ (outnumbered).
 21990 | Orc:2    | 21990 ||| Stepping ~*~*~tactically~*~*~ (outnumbered).
 21991 | Orc:2    | 21991 ||| Stepping ~*~*~tactically~*~*~ (outnumbered).
 21992 | Orc:2    | 21992 ||| Stepping ~*~*~tactically~*~*~ (outnumbered).
 21995 | Orc:2    | 21995 ||| Stepping ~*~*~tactically~*~*~ (outnumbered).
 21996 | Orc:2    | 21996 ||| Stepping ~*~*~tactically~*~*~ (outnumbered).
 22001 | Orc:2    | 22001 ||| Stepping ~*~*~tactically~*~*~ (outnumbered).
 22007 | Orc:2    | 22007 ||| Stepping ~*~*~tactically~*~*~ (outnumbered).
 22009 | Orc:2    | 22009 ||| Stepping ~*~*~tactically~*~*~ (outnumbered).
 22010 | Orc:2    | 22010 ||| Stepping ~*~*~tactically~*~*~ (outnumbered).
 22011 | Orc:2    | 22011 ||| Stepping ~*~*~tactically~*~*~ (outnumbered).
 22012 | Orc:2    | 22012 ||| Stepping ~*~*~tactically~*~*~ (outnumbered).
 22013 | Orc:2    | 22013 ||| Stepping ~*~*~tactically~*~*~ (outnumbered).
 22014 | Orc:2    | 22014 ||| Stepping ~*~*~tactically~*~*~ (outnumbered).
 22015 | Orc:2    | 22015 ||| Stepping ~*~*~tactically~*~*~ (outnumbered).
 22016 | Orc:2    | 22016 ||| Stepping ~*~*~tactically~*~*~ (outnumbered).
 22016 | Orc:2    | Found Cunnaeso's Distillery.
 22016 | Orc:2    | Found Vutziocw's Armour Shop.
 22017 | Orc:2    | 22017 ||| Stepping ~*~*~tactically~*~*~ (outnumbered).
 22018 | Orc:2    | 22018 ||| Stepping ~*~*~tactically~*~*~ (outnumbered).
 22018 | Orc:2    | Found Ahigg's Antique Armour Boutique.
 22019 | Orc:2    | 22019 ||| Stepping ~*~*~tactically~*~*~ (outnumbered).
 22020 | Orc:2    | 22020 ||| Stepping ~*~*~tactically~*~*~ (outnumbered).
 22020 | Orc:2    | Found Pygg's Armour Shoppe.
 22021 | Orc:2    | 22021 ||| Stepping ~*~*~tactically~*~*~ (outnumbered).
 22022 | Orc:2    | 22022 ||| Stepping ~*~*~tactically~*~*~ (outnumbered).
 22023 | Orc:2    | 22023 ||| Stepping ~*~*~tactically~*~*~ (hiding).
 22027 | Orc:2    | 22027 ||| Stepping ~*~*~tactically~*~*~ (outnumbered).
 22035 | Orc:2    | 22035 ||| Stepping ~*~*~tactically~*~*~ (outnumbered).
 22041 | Orc:2    | 22041 ||| INVOKING Heroism.
 22042 | Orc:2    | 22042 ||| Stepping ~*~*~tactically~*~*~ (outnumbered).
 22047 | Orc:2    | 22047 ||| INVOKING Finesse.
 22064 | Orc:2    | 22064 ||| Stepping ~*~*~tactically~*~*~ (outnumbered).
 22068 | Orc:2    | 22068 ||| Stepping ~*~*~tactically~*~*~ (outnumbered).
 22069 | Orc:2    | 22069 ||| Stepping ~*~*~tactically~*~*~ (outnumbered).
 22070 | Orc:2    | 22070 ||| Stepping ~*~*~tactically~*~*~ (outnumbered).
 22073 | Orc:2    | 22073 ||| Stepping ~*~*~tactically~*~*~ (outnumbered).
 22074 | Orc:2    | 22074 ||| Stepping ~*~*~tactically~*~*~ (outnumbered).
 22075 | Orc:2    | 22075 ||| Stepping ~*~*~tactically~*~*~ (outnumbered).
 22076 | Orc:2    | 22076 ||| Stepping ~*~*~tactically~*~*~ (outnumbered).
 22077 | Orc:2    | 22077 ||| Stepping ~*~*~tactically~*~*~ (outnumbered).
 22078 | Orc:2    | 22078 ||| Stepping ~*~*~tactically~*~*~ (outnumbered).
 22079 | Orc:2    | 22079 ||| Stepping ~*~*~tactically~*~*~ (outnumbered).
 22080 | Orc:2    | 22080 ||| Stepping ~*~*~tactically~*~*~ (outnumbered).
 22081 | Orc:2    | 22081 ||| Stepping ~*~*~tactically~*~*~ (outnumbered).
 22082 | Orc:2    | 22082 ||| Stepping ~*~*~tactically~*~*~ (outnumbered).
 22083 | Orc:2    | 22083 ||| Stepping ~*~*~tactically~*~*~ (outnumbered).
 22084 | Orc:2    | 22084 ||| Stepping ~*~*~tactically~*~*~ (outnumbered).
 22085 | Orc:2    | 22085 ||| Stepping ~*~*~tactically~*~*~ (outnumbered).
 22088 | Orc:2    | 22088 ||| Stepping ~*~*~tactically~*~*~ (outnumbered).
 22089 | Orc:2    | 22089 ||| Stepping ~*~*~tactically~*~*~ (outnumbered).
 22090 | Orc:2    | 22090 ||| Stepping ~*~*~tactically~*~*~ (outnumbered).
 22091 | Orc:2    | 22091 ||| Stepping ~*~*~tactically~*~*~ (outnumbered).
 22092 | Orc:2    | 22092 ||| Stepping ~*~*~tactically~*~*~ (outnumbered).
 22093 | Orc:2    | 22093 ||| Stepping ~*~*~tactically~*~*~ (outnumbered).
 22094 | Orc:2    | 22094 ||| Stepping ~*~*~tactically~*~*~ (outnumbered).
 22094 | Orc:2    | Found Iruof's Book Shoppe.
 22095 | Orc:2    | 22095 ||| Stepping ~*~*~tactically~*~*~ (outnumbered).
 22096 | Orc:2    | 22096 ||| Stepping ~*~*~tactically~*~*~ (outnumbered).
 22097 | Orc:2    | 22097 ||| Stepping ~*~*~tactically~*~*~ (outnumbered).
 22107 | Orc:2    | 22107 ||| INVOKING Heroism.
 22122 | Orc:2    | 22122 ||| Stepping ~*~*~tactically~*~*~ (outnumbered).
 22123 | Orc:2    | 22123 ||| Stepping ~*~*~tactically~*~*~ (outnumbered).
 22124 | Orc:2    | 22124 ||| Stepping ~*~*~tactically~*~*~ (outnumbered).
 22125 | Orc:2    | 22125 ||| Stepping ~*~*~tactically~*~*~ (outnumbered).
 22126 | Orc:2    | 22126 ||| Stepping ~*~*~tactically~*~*~ (outnumbered).
 22127 | Orc:2    | 22127 ||| Stepping ~*~*~tactically~*~*~ (outnumbered).
 22130 | Orc:2    | 22130 ||| INVOKING Heroism.
 22131 | Orc:2    | 22131 ||| Stepping ~*~*~tactically~*~*~ (outnumbered).
 22132 | Orc:2    | 22132 ||| Stepping ~*~*~tactically~*~*~ (outnumbered).
 22133 | Orc:2    | 22133 ||| Stepping ~*~*~tactically~*~*~ (outnumbered).
 22202 | Orc:2    | 22202 ||| INVOKING Heroism.
 22214 | Orc:2    | 22214 ||| Stepping ~*~*~tactically~*~*~ (outnumbered).
 22215 | Orc:2    | 22215 ||| Stepping ~*~*~tactically~*~*~ (outnumbered).
 22216 | Orc:2    | 22216 ||| Stepping ~*~*~tactically~*~*~ (outnumbered).
 22218 | Orc:2    | 22218 ||| Stepping ~*~*~tactically~*~*~ (outnumbered).
 22221 | Orc:2    | 22221 ||| INVOKING Heroism.
 22222 | Orc:2    | 22222 ||| Stepping ~*~*~tactically~*~*~ (outnumbered).
 22224 | Orc:2    | 22224 ||| Stepping ~*~*~tactically~*~*~ (outnumbered).
 22225 | Orc:2    | 22225 ||| Stepping ~*~*~tactically~*~*~ (outnumbered).
 22226 | Orc:2    | 22226 ||| Stepping ~*~*~tactically~*~*~ (outnumbered).
 22227 | Orc:2    | 22227 ||| Stepping ~*~*~tactically~*~*~ (outnumbered).
 22228 | Orc:2    | 22228 ||| Stepping ~*~*~tactically~*~*~ (outnumbered).
 22229 | Orc:2    | 22229 ||| Stepping ~*~*~tactically~*~*~ (outnumbered).
 22230 | Orc:2    | 22230 ||| Stepping ~*~*~tactically~*~*~ (outnumbered).
 22231 | Orc:2    | 22231 ||| Stepping ~*~*~tactically~*~*~ (outnumbered).
 22232 | Orc:2    | 22232 ||| Stepping ~*~*~tactically~*~*~ (outnumbered).
 22233 | Orc:2    | 22233 ||| Stepping ~*~*~tactically~*~*~ (outnumbered).
 22234 | Orc:2    | 22234 ||| Stepping ~*~*~tactically~*~*~ (outnumbered).
 22235 | Orc:2    | 22235 ||| Stepping ~*~*~tactically~*~*~ (outnumbered).
 22236 | Orc:2    | 22236 ||| Stepping ~*~*~tactically~*~*~ (outnumbered).
 22237 | Orc:2    | 22237 ||| Stepping ~*~*~tactically~*~*~ (outnumbered).
 22238 | Orc:2    | 22238 ||| Stepping ~*~*~tactically~*~*~ (outnumbered).
 22239 | Orc:2    | 22239 ||| Stepping ~*~*~tactically~*~*~ (outnumbered).
 22240 | Orc:2    | 22240 ||| Stepping ~*~*~tactically~*~*~ (outnumbered).
 22241 | Orc:2    | 22241 ||| Stepping ~*~*~tactically~*~*~ (outnumbered).
 22242 | Orc:2    | 22242 ||| Stepping ~*~*~tactically~*~*~ (outnumbered).
 22243 | Orc:2    | 22243 ||| Stepping ~*~*~tactically~*~*~ (outnumbered).
 22244 | Orc:2    | 22244 ||| Stepping ~*~*~tactically~*~*~ (hiding).
 22245 | Orc:2    | 22245 ||| INVOKING Heroism.
 22246 | Orc:2    | 22246 ||| Stepping ~*~*~tactically~*~*~ (outnumbered).
 22247 | Orc:2    | 22247 ||| Stepping ~*~*~tactically~*~*~ (outnumbered).
 22248 | Orc:2    | 22248 ||| Stepping ~*~*~tactically~*~*~ (outnumbered).
 22273 | Orc:2    | 22273 ||| Stepping ~*~*~tactically~*~*~ (hiding).
 22313 | Orc:2    | 22313 ||| INVOKING Heroism.
 22321 | Orc:2    | 22321 ||| Stepping ~*~*~tactically~*~*~ (outnumbered).
 22324 | Orc:2    | 22324 ||| Stepping ~*~*~tactically~*~*~ (outnumbered).
 22327 | Orc:2    | 22327 ||| Stepping ~*~*~tactically~*~*~ (outnumbered).
 22328 | Orc:2    | 22328 ||| Stepping ~*~*~tactically~*~*~ (outnumbered).
 22329 | Orc:2    | 22329 ||| Stepping ~*~*~tactically~*~*~ (outnumbered).
 22330 | Orc:2    | 22330 ||| Stepping ~*~*~tactically~*~*~ (outnumbered).
 22341 | Orc:2    | Found a runed translucent gate.
 22341 | Orc:2    | Found a runed translucent gate.
 22341 | Orc:2    | Found a runed translucent gate.
 22342 | Orc:2    | Found an opulent altar of Gozag.
 22343 | Orc:2    | Noticed qw's ghost (journeyman TrCA)
 22522 | Orc:2    | 22522 ||| BUYING potion of curing (39 gold).
 22522 | Orc:2    | Bought a potion of curing for 39 gold pieces
 22522 | Orc:2    | 22522 ||| BUYING potion of haste (130 gold).
 22522 | Orc:2    | Bought a potion of haste for 130 gold pieces
 22522 | Orc:2    | 22522 ||| BUYING potion of heal wounds (65 gold).
 22522 | Orc:2    | Bought a potion of heal wounds for 65 gold pieces
 22522 | Orc:2    | 22522 ||| BUYING potion of heal wounds (65 gold).
 22522 | Orc:2    | Bought a potion of heal wounds for 65 gold pieces
 22522 | Orc:2    | 22522 ||| BUYING potion of might (52 gold).
 22522 | Orc:2    | Bought a potion of might for 52 gold pieces
 22523 | Orc:2    | 22523 ||| BUYING +1 cloak (149 gold).
 22523 | Orc:2    | Bought a +1 cloak for 149 gold pieces
 22653 | Orc:2    | Found a staircase to the Elven Halls.
 22708 | Orc:2    | 22708 ||| UPGRADING to +1 cloak.
 22718 | Orc:2    | 22718 ||| PLANNING SWAMP:1-3
 22718 | Orc:2    | 22718 ||| DROPPING +0 cloak.
 22908 | Swamp:1  | Entered Level 1 of the Swamp
 22909 | Swamp:1  | 22909 ||| INVOKING Heroism.
 23064 | Swamp:1  | 23064 ||| INVOKING Heroism.
 23067 | Swamp:1  | Reached skill level 12 in Shields
 23120 | Swamp:1  | 23120 ||| INVOKING Heroism.
 23141 | Swamp:1  | 23141 ||| Stepping ~*~*~tactically~*~*~ (hiding).
 23154 | Swamp:1  | 23154 ||| INVOKING Heroism.
 23158 | Swamp:1  | HP: 38/156 [acid[a spriggan druid] (8)]
 23159 | Swamp:1  | 23159 ||| READING 4 scrolls of teleportation.
 23160 | Swamp:1  | 23160 ||| DRINKING 4 potions of heal wounds.
 23163 | Swamp:1  | 23163 ||| DRINKING 3 potions of heal wounds.
 23209 | Swamp:1  | 23209 ||| INVOKING Heroism.
 23350 | Swamp:1  | 23350 ||| INVOKING Heroism.
 23356 | Swamp:1  | Received a gift from Okawaru
 23516 | Swamp:1  | 23516 ||| Stepping ~*~*~tactically~*~*~ (hiding).
 23924 | Swamp:2  | 23924 ||| Stepping ~*~*~tactically~*~*~ (stealth).
 23937 | Swamp:2  | 23937 ||| Stepping ~*~*~tactically~*~*~ (stealth).
 23939 | Swamp:2  | 23939 ||| Stepping ~*~*~tactically~*~*~ (stealth).
 23941 | Swamp:2  | 23941 ||| Stepping ~*~*~tactically~*~*~ (hiding).
 23945 | Swamp:2  | 23945 ||| INVOKING Heroism.
 24201 | Swamp:2  | 24201 ||| INVOKING Heroism.
 24446 | Swamp:3  | 24446 ||| STAIRDANCE
 24577 | Swamp:3  | 24577 ||| Stepping ~*~*~tactically~*~*~ (hiding).
 24578 | Swamp:3  | 24578 ||| INVOKING Heroism.
 24616 | Swamp:3  | 24616 ||| INVOKING Heroism.
 24688 | Swamp:3  | 24688 ||| Stepping ~*~*~tactically~*~*~ (stealth).
 24689 | Swamp:3  | 24689 ||| INVOKING Heroism.
 24708 | Swamp:3  | 24708 ||| Stepping ~*~*~tactically~*~*~ (stealth).
 24710 | Swamp:3  | 24710 ||| Stepping ~*~*~tactically~*~*~ (hiding).
 24861 | Swamp:3  | 24861 ||| INVOKING Heroism.
 24883 | Swamp:3  | Found a frozen archway.
 24938 | Swamp:3  | 24938 ||| Stepping ~*~*~tactically~*~*~ (hiding).
 24939 | Swamp:3  | 24939 ||| INVOKING Heroism.
 24961 | Swamp:3  | 24961 ||| INVOKING Heroism.
 25037 | Swamp:3  | 25037 ||| Stepping ~*~*~tactically~*~*~ (hiding).
 25174 | Swamp:3  | 25174 ||| PLANNING SPIDER:1-3
 25230 | Spider:1 | Entered Level 1 of the Spider Nest
 25231 | Spider:1 | 25231 ||| INVOKING Heroism.
 25233 | Spider:1 | 25233 ||| Stepping ~*~*~tactically~*~*~ (stealth).
 25234 | Spider:1 | 25234 ||| Stepping ~*~*~tactically~*~*~ (outnumbered).
 25235 | Spider:1 | 25235 ||| INVOKING Finesse.
 25236 | Spider:1 | 25236 ||| Stepping ~*~*~tactically~*~*~ (outnumbered).
 25255 | Spider:1 | Received a gift from Okawaru
 25470 | Spider:1 | 25470 ||| INVOKING Finesse.
 25594 | Spider:1 | 25594 ||| Stepping ~*~*~tactically~*~*~ (hiding).
 25597 | Spider:1 | 25597 ||| INVOKING Heroism.
 25598 | Spider:1 | 25598 ||| Stepping ~*~*~tactically~*~*~ (outnumbered).
 25610 | Spider:1 | 25610 ||| Stepping ~*~*~tactically~*~*~ (outnumbered).
 25611 | Spider:1 | 25611 ||| Stepping ~*~*~tactically~*~*~ (outnumbered).
 25613 | Spider:1 | 25613 ||| Stepping ~*~*~tactically~*~*~ (outnumbered).
 25614 | Spider:1 | 25614 ||| Stepping ~*~*~tactically~*~*~ (outnumbered).
 25620 | Spider:1 | 25620 ||| DRINKING 11 potions of curing.
 25620 | Spider:1 | 25620 ||| (to cure confusion)
 25621 | Spider:1 | 25621 ||| DRINKING 10 potions of curing.
 25621 | Spider:1 | 25621 ||| (to cure confusion)
 25624 | Spider:1 | 25624 ||| Stepping ~*~*~tactically~*~*~ (outnumbered).
 25626 | Spider:1 | 25626 ||| Stepping ~*~*~tactically~*~*~ (outnumbered).
 25631 | Spider:1 | 25631 ||| DRINKING 9 potions of curing.
 25631 | Spider:1 | 25631 ||| (to cure confusion)
 25637 | Spider:1 | 25637 ||| DRINKING 8 potions of curing.
 25637 | Spider:1 | 25637 ||| (to cure confusion)
 25641 | Spider:1 | 25641 ||| Stepping ~*~*~tactically~*~*~ (outnumbered).
 25642 | Spider:1 | 25642 ||| DRINKING 7 potions of curing.
 25642 | Spider:1 | 25642 ||| (to cure confusion)
 25655 | Spider:1 | 25655 ||| INVOKING Heroism.
 25839 | Spider:1 | 25839 ||| Stepping ~*~*~tactically~*~*~ (stealth).
 25846 | Spider:1 | 25846 ||| Stepping ~*~*~tactically~*~*~ (stealth).
 25888 | Spider:1 | 25888 ||| INVOKING Finesse.
 26063 | Spider:1 | 26063 ||| Stepping ~*~*~tactically~*~*~ (stealth).
 26064 | Spider:1 | 26064 ||| Stepping ~*~*~tactically~*~*~ (stealth).
 26280 | Spider:2 | Noticed Kirke
 26281 | Spider:2 | 26281 ||| INVOKING Heroism.
 26282 | Spider:2 | 26282 ||| INVOKING Finesse.
 26286 | Spider:2 | 26286 ||| STAIRDANCE
 26323 | Spider:2 | 26323 ||| STAIRDANCE
 26325 | Spider:1 | 26325 ||| INVOKING Heroism.
 26330 | Spider:1 | Killed Kirke
 26335 | Spider:1 | Reached XP level 17. HP: 90/162 MP: 21/23
 26417 | Spider:2 | 26417 ||| Stepping ~*~*~tactically~*~*~ (stealth).
 26421 | Spider:2 | 26421 ||| INVOKING Heroism.
 26442 | Spider:2 | Reached skill level 15 in Shields
 26479 | Spider:2 | 26479 ||| INVOKING Finesse.
 26513 | Spider:2 | 26513 ||| INVOKING Heroism.
 26827 | Spider:2 | 26827 ||| INVOKING Heroism.
 26832 | Spider:2 | 26832 ||| Stepping ~*~*~tactically~*~*~ (outnumbered).
 26833 | Spider:2 | Noticed Arachne
 26834 | Spider:2 | 26834 ||| INVOKING Finesse.
 26836 | Spider:2 | Received a gift from Okawaru
 26837 | Spider:2 | 26837 ||| Stepping ~*~*~tactically~*~*~ (outnumbered).
 26838 | Spider:2 | 26838 ||| Stepping ~*~*~tactically~*~*~ (outnumbered).
 26858 | Spider:2 | HP: 34/162 [redback (12)]
 26859 | Spider:2 | 26859 ||| READING 4 scrolls of teleportation.
 26860 | Spider:2 | 26860 ||| DRINKING 4 potions of heal wounds.
 26861 | Spider:2 | 26861 ||| DRINKING 3 potions of heal wounds.
 26863 | Spider:2 | HP: 38/162 [poisoned by a redback]
 26868 | Spider:2 | HP: 31/162 [poisoned by a redback]
 26873 | Spider:2 | HP: 32/162 [poisoned by a redback]
 26996 | Spider:2 | 26996 ||| Stepping ~*~*~tactically~*~*~ (hiding).
 26997 | Spider:2 | 26997 ||| Stepping ~*~*~tactically~*~*~ (hiding).
 26999 | Spider:2 | 26999 ||| INVOKING Finesse.
 27034 | Spider:2 | 27034 ||| Stepping ~*~*~tactically~*~*~ (stealth).
 27074 | Spider:2 | 27074 ||| Stepping ~*~*~tactically~*~*~ (stealth).
 27132 | Spider:2 | 27132 ||| INVOKING Heroism.
 27137 | Spider:2 | 27137 ||| Stepping ~*~*~tactically~*~*~ (outnumbered).
 27138 | Spider:2 | 27138 ||| Stepping ~*~*~tactically~*~*~ (outnumbered).
 27153 | Spider:2 | 27153 ||| DRINKING potion of cancellation.
 27157 | Spider:2 | 27157 ||| Stepping ~*~*~tactically~*~*~ (outnumbered).
 27176 | Spider:2 | 27176 ||| DRINKING 6 potions of curing.
 27176 | Spider:2 | 27176 ||| (to cure confusion)
 27188 | Spider:2 | 27188 ||| Stepping ~*~*~tactically~*~*~ (stealth).
 27189 | Spider:2 | 27189 ||| Stepping ~*~*~tactically~*~*~ (stealth).
 27191 | Spider:2 | 27191 ||| Stepping ~*~*~tactically~*~*~ (stealth).
 27192 | Spider:2 | 27192 ||| Stepping ~*~*~tactically~*~*~ (stealth).
 27193 | Spider:2 | 27193 ||| Stepping ~*~*~tactically~*~*~ (stealth).
 27195 | Spider:2 | 27195 ||| Stepping ~*~*~tactically~*~*~ (stealth).
 27222 | Spider:2 | Reached skill level 3 in Dodging
 27295 | Spider:2 | 27295 ||| INVOKING Heroism.
 27459 | Spider:2 | 27459 ||| Stepping ~*~*~tactically~*~*~ (stealth).
 27557 | Spider:2 | 27557 ||| Stepping ~*~*~tactically~*~*~ (stealth).
 27604 | Spider:2 | 27604 ||| Stepping ~*~*~tactically~*~*~ (stealth).
 27607 | Spider:2 | 27607 ||| INVOKING Heroism.
 27617 | Spider:2 | 27617 ||| Stepping ~*~*~tactically~*~*~ (stealth).
 28056 | Spider:3 | 28056 ||| STAIRDANCE
 28062 | Spider:3 | 28062 ||| STAIRDANCE
 28068 | Spider:2 | Received a gift from Okawaru
 28075 | Spider:3 | 28075 ||| STAIRDANCE
 28080 | Spider:2 | 28080 ||| INVOKING Finesse.
 28096 | Spider:2 | Killed Arachne
 28142 | Spider:3 | 28142 ||| Stepping ~*~*~tactically~*~*~ (stealth).
 28179 | Spider:3 | 28179 ||| Stepping ~*~*~tactically~*~*~ (stealth).
 28240 | Spider:3 | 28240 ||| Stepping ~*~*~tactically~*~*~ (stealth).
 28256 | Spider:3 | 28256 ||| Stepping ~*~*~tactically~*~*~ (hiding).
 28257 | Spider:3 | 28257 ||| Stepping ~*~*~tactically~*~*~ (hiding).
 28476 | Spider:3 | 28476 ||| DRINKING 7 potions of curing.
 28476 | Spider:3 | 28476 ||| (to cure confusion)
 28482 | Spider:3 | 28482 ||| INVOKING Heroism.
 28703 | Spider:3 | 28703 ||| Stepping ~*~*~tactically~*~*~ (stealth).
 28766 | Spider:3 | 28766 ||| INVOKING Finesse.
 28831 | Spider:3 | Received a gift from Okawaru
 28834 | Spider:3 | 28834 ||| Stepping ~*~*~tactically~*~*~ (stealth).
 28875 | Spider:3 | 28875 ||| INVOKING Heroism.
 28880 | Spider:3 | 28880 ||| Stepping ~*~*~tactically~*~*~ (outnumbered).
 28911 | Spider:3 | 28911 ||| Stepping ~*~*~tactically~*~*~ (stealth).
 29029 | Spider:3 | 29029 ||| Stepping ~*~*~tactically~*~*~ (stealth).
 29463 | Spider:3 | 29463 ||| PLANNING SWAMP:4
 29576 | Swamp:4  | Entered Level 4 of the Swamp
 29624 | Swamp:4  | Noticed Aizul
 29625 | Swamp:4  | 29625 ||| Stepping ~*~*~tactically~*~*~ (hiding).
 29626 | Swamp:4  | 29626 ||| Stepping ~*~*~tactically~*~*~ (hiding).
 29627 | Swamp:4  | 29627 ||| Stepping ~*~*~tactically~*~*~ (hiding).
 29628 | Swamp:4  | 29628 ||| INVOKING Heroism.
 29630 | Swamp:4  | 29630 ||| INVOKING Finesse.
 29640 | Swamp:4  | Killed Aizul
 29652 | Swamp:4  | 29652 ||| Stepping ~*~*~tactically~*~*~ (stealth).
 29664 | Swamp:4  | 29664 ||| INVOKING Heroism.
 29763 | Swamp:4  | 29763 ||| Stepping ~*~*~tactically~*~*~ (hiding).
 29848 | Swamp:4  | 29848 ||| INVOKING Heroism.
 29860 | Swamp:4  | 29860 ||| Stepping ~*~*~tactically~*~*~ (outnumbered).
 29861 | Swamp:4  | 29861 ||| Stepping ~*~*~tactically~*~*~ (outnumbered).
 29862 | Swamp:4  | 29862 ||| Stepping ~*~*~tactically~*~*~ (outnumbered).
 29863 | Swamp:4  | 29863 ||| Stepping ~*~*~tactically~*~*~ (outnumbered).
 29874 | Swamp:4  | HP: 37/155 [ghost crab (7)]
 29875 | Swamp:4  | 29875 ||| READING 3 scrolls of teleportation.
 29876 | Swamp:4  | 29876 ||| DRINKING 2 potions of heal wounds.
 29880 | Swamp:4  | HP: 38/153 [ghost crab] (6)]
 29881 | Swamp:4  | 29881 ||| DRINKING potion of heal wounds.
 29950 | Swamp:4  | 29950 ||| FLEEEEING.
 29951 | Swamp:4  | 29951 ||| FLEEEEING.
 29952 | Swamp:4  | 29952 ||| FLEEEEING.
 30006 | Swamp:4  | 30006 ||| INVOKING Heroism.
 30015 | Swamp:4  | Received a gift from Okawaru
 30033 | Swamp:4  | 30033 ||| Stepping ~*~*~tactically~*~*~ (outnumbered).
 30034 | Swamp:4  | 30034 ||| Stepping ~*~*~tactically~*~*~ (outnumbered).
 30035 | Swamp:4  | 30035 ||| Stepping ~*~*~tactically~*~*~ (outnumbered).
 30036 | Swamp:4  | 30036 ||| Stepping ~*~*~tactically~*~*~ (outnumbered).
 30037 | Swamp:4  | 30037 ||| INVOKING Heroism.
 30038 | Swamp:4  | 30038 ||| Stepping ~*~*~tactically~*~*~ (outnumbered).
 30039 | Swamp:4  | 30039 ||| Stepping ~*~*~tactically~*~*~ (outnumbered).
 30040 | Swamp:4  | 30040 ||| Stepping ~*~*~tactically~*~*~ (outnumbered).
 30129 | Swamp:4  | 30129 ||| Stepping ~*~*~tactically~*~*~ (stealth).
 30131 | Swamp:4  | 30131 ||| Stepping ~*~*~tactically~*~*~ (hiding).
 30137 | Swamp:4  | 30137 ||| Stepping ~*~*~tactically~*~*~ (hiding).
 30145 | Swamp:4  | Received a gift from Okawaru
 30146 | Swamp:4  | 30146 ||| Stepping ~*~*~tactically~*~*~ (hiding).
 30153 | Swamp:4  | Reached skill level 20 in Unarmed Combat
 30154 | Swamp:4  | 30154 ||| Stepping ~*~*~tactically~*~*~ (stealth).
 30158 | Swamp:4  | 30158 ||| INVOKING Heroism.
 30164 | Swamp:4  | Reached XP level 18. HP: 136/171 MP: 21/24
 30168 | Swamp:4  | 30168 ||| DROPPING +4 ring of evasion.
 30170 | Swamp:4  | 30170 ||| READING 2 scrolls of teleportation.
 30215 | Swamp:4  | 30215 ||| Stepping ~*~*~tactically~*~*~ (stealth).
 30232 | Swamp:4  | 30232 ||| INVOKING Heroism.
 30300 | Swamp:4  | 30300 ||| Stepping ~*~*~tactically~*~*~ (outnumbered).
 30301 | Swamp:4  | 30301 ||| Stepping ~*~*~tactically~*~*~ (stealth).
 30303 | Swamp:4  | 30303 ||| Stepping ~*~*~tactically~*~*~ (stealth).
 30305 | Swamp:4  | 30305 ||| Stepping ~*~*~tactically~*~*~ (outnumbered).
 30306 | Swamp:4  | 30306 ||| Stepping ~*~*~tactically~*~*~ (hiding).
 30307 | Swamp:4  | 30307 ||| Stepping ~*~*~tactically~*~*~ (stealth).
 30308 | Swamp:4  | 30308 ||| READING scroll of teleportation.
 30311 | Swamp:4  | 30311 ||| INVOKING Heroism.
 30425 | Swamp:4  | 30425 ||| Stepping ~*~*~tactically~*~*~ (hiding).
 30426 | Swamp:4  | 30426 ||| INVOKING Heroism.
 30481 | Swamp:4  | 30481 ||| INVOKING Heroism.
 30565 | Swamp:4  | 30565 ||| Stepping randomly (cloudy).
 30566 | Swamp:4  | 30566 ||| INVOKING Heroism.
 30593 | Swamp:4  | Received a gift from Okawaru
 30740 | Swamp:4  | Got a decaying rune of Zot
 30856 | Swamp:4  | 30856 ||| Stepping ~*~*~tactically~*~*~ (stealth).
 30857 | Swamp:4  | 30857 ||| Stepping ~*~*~tactically~*~*~ (stealth).
 30858 | Swamp:4  | 30858 ||| Stepping ~*~*~tactically~*~*~ (stealth).
 30859 | Swamp:4  | 30859 ||| Stepping ~*~*~tactically~*~*~ (stealth).
 30861 | Swamp:4  | 30861 ||| INVOKING Heroism.
 30872 | Swamp:4  | Reached skill level 9 in Throwing
 30904 | Swamp:4  | 30904 ||| PLANNING VAULTS:1-4
 31176 | Vaults:1 | Entered Level 1 of the Vaults
 31177 | Vaults:1 | 31177 ||| DRINKING 2 potions of resistance.
 31178 | Vaults:1 | 31178 ||| INVOKING Heroism.
 31179 | Vaults:1 | 31179 ||| Stepping ~*~*~tactically~*~*~ (outnumbered).
 31180 | Vaults:1 | 31180 ||| Stepping ~*~*~tactically~*~*~ (outnumbered).
 31309 | Vaults:1 | 31309 ||| INVOKING Heroism.
 31310 | Vaults:1 | 31310 ||| Stepping ~*~*~tactically~*~*~ (outnumbered).
 31312 | Vaults:1 | 31312 ||| Stepping ~*~*~tactically~*~*~ (outnumbered).
 31313 | Vaults:1 | 31313 ||| Stepping ~*~*~tactically~*~*~ (outnumbered).
 31317 | Vaults:1 | 31317 ||| Stepping ~*~*~tactically~*~*~ (hiding).
 31322 | Vaults:1 | 31322 ||| Stepping ~*~*~tactically~*~*~ (outnumbered).
 31352 | Vaults:1 | 31352 ||| INVOKING Heroism.
 31353 | Vaults:1 | HP: 41/166 [slime creature simulacrum (7)]
 31370 | Vaults:1 | HP: 22/167 [stone giant skeleton[a necromancer] (13)]
 31545 | Vaults:1 | 31545 ||| Stepping ~*~*~tactically~*~*~ (hiding).
 31546 | Vaults:1 | 31546 ||| Stepping ~*~*~tactically~*~*~ (hiding).
 31560 | Vaults:1 | Reached skill level 9 in Armour
 31623 | Vaults:1 | 31623 ||| Stepping ~*~*~tactically~*~*~ (hiding).
 31655 | Vaults:1 | 31655 ||| Stepping ~*~*~tactically~*~*~ (hiding).
 31657 | Vaults:1 | 31657 ||| Stepping ~*~*~tactically~*~*~ (hiding).
 31659 | Vaults:1 | 31659 ||| INVOKING Heroism.
 31718 | Vaults:1 | 31718 ||| INVOKING Finesse.
 31788 | Vaults:1 | 31788 ||| READING scroll of teleportation.
 31797 | Vaults:1 | 31797 ||| INVOKING Heroism.
 31798 | Vaults:1 | 31798 ||| DRINKING potion of resistance.
 31799 | Vaults:1 | 31799 ||| INVOKING Finesse.
 31808 | Vaults:1 | 31808 ||| Stepping ~*~*~tactically~*~*~ (outnumbered).
 31809 | Vaults:1 | 31809 ||| Stepping ~*~*~tactically~*~*~ (outnumbered).
 31810 | Vaults:1 | 31810 ||| Stepping ~*~*~tactically~*~*~ (outnumbered).
 31811 | Vaults:1 | 31811 ||| Stepping ~*~*~tactically~*~*~ (outnumbered).
 31812 | Vaults:1 | 31812 ||| Stepping ~*~*~tactically~*~*~ (outnumbered).
 31813 | Vaults:1 | 31813 ||| Stepping ~*~*~tactically~*~*~ (hiding).
 31823 | Vaults:1 | 31823 ||| Stepping ~*~*~tactically~*~*~ (outnumbered).
 31826 | Vaults:1 | 31826 ||| Stepping ~*~*~tactically~*~*~ (outnumbered).
 31845 | Vaults:1 | 31845 ||| Stepping ~*~*~tactically~*~*~ (outnumbered).
 31871 | Vaults:1 | 31871 ||| INVOKING Finesse.
 31874 | Vaults:1 | Received a gift from Okawaru
 31878 | Vaults:1 | 31878 ||| INVOKING Heroism.
 31884 | Vaults:1 | HP: 42/171 [sphinx/divine providence[a boggart] (16)]
 31891 | Vaults:1 | 31891 ||| Stepping ~*~*~tactically~*~*~ (outnumbered).
 31892 | Vaults:1 | 31892 ||| Stepping ~*~*~tactically~*~*~ (hiding).
 31903 | Vaults:1 | 31903 ||| Stepping ~*~*~tactically~*~*~ (outnumbered).
 31904 | Vaults:1 | 31904 ||| Stepping ~*~*~tactically~*~*~ (outnumbered).
 31906 | Vaults:1 | HP: 27/171 [very large slime creature[a boggart] (21)]
 31909 | Vaults:1 | 31909 ||| Stepping ~*~*~tactically~*~*~ (outnumbered).
 31910 | Vaults:1 | 31910 ||| Stepping ~*~*~tactically~*~*~ (outnumbered).
 31911 | Vaults:1 | 31911 ||| Stepping ~*~*~tactically~*~*~ (outnumbered).
 31911 | Vaults:1 | HP: 26/171 [dire elephant[a boggart] (4)]
 31911 | Vaults:1 | HP: 4/171 [great orb of eyes[a boggart] (12)]
 31914 | Vaults:1 | 31914 ||| Stepping ~*~*~tactically~*~*~ (outnumbered).
 31920 | Vaults:1 | 31920 ||| Stepping ~*~*~tactically~*~*~ (outnumbered).
 31925 | Vaults:1 | HP: 5/171 [dire elephant[a boggart] (3)]
 31928 | Vaults:1 | Slain by a dire elephant

Levels and vault maps discovered:
D:1:      shiori_arrival_elements, layout_rooms, serial_shops,
          nicolae_shop_overgrown_old_shop, minmay_misc_feat_five
D:2:      layout_loops_ring, minmay_tall_x
D:3:      layout_loops_ring, nzn_overflow_gifts_of_might_and_magic
D:4:      layout_rooms, regret_index_temple_of_mockery,
          mainiacjoe_overflow_large_starburst
D:5:      layout_loops_ring, nicolae_ossuary_entry_monument,
          grunt_decor_arrowhead, uniq_sigmund
D:6:      layout_rooms, nicolae_ashenzari_panopticon,
          minmay_temple_entry_large_hall, ebering_ghost_xom,
          uniq_crazy_yiuf_cottage
D:7:      layout_rooms, minmay_fire_ice_demons
D:8:      layout_loops_corners, nicolae_overflow_hidden_temple,
          david_lair_generic, roderic_serpentine_path, nicolae_diode_basic
D:9:      layout_loops_corners, mainiacjoe_overflow_catwalk,
          kennysheep_mini_moat, lightli_bailey_entry_fortress,
          minmay_variable_closet
D:10:     layout_rooms
D:11:     layout_small_grid, minmay_orc_entry_guard_dogs
D:12:     layout_loops_corners
D:13:     minmay_the_grid_square_5x5_3x3 [minmay_the_grid_square_5x5_percent,
          minmay_the_grid_square_5x5_detours,
          minmay_the_grid_square_5x5_broken_cross,
          minmay_the_grid_square_5x5_two_small,
          minmay_the_grid_square_5x5_megaprize_checkered,
          minmay_the_grid_square_5x5_six_small,
          minmay_the_grid_square_5x5_two_walls_a,
          minmay_the_grid_square_5x5_intrusive_squares,
          minmay_the_grid_square_5x5_c], layout_irregular_city, erik_vaults_2
D:14:     layout_basic, serial_shops, nicolae_shop_statue_plus,
          minmay_misc_feat_more_columns, uniq_louise, uniq_azrael
D:15:     hangedman_spin_cycle
Temple:   nicolae_temple_x_marks_the_god
Lair:1:   wander_river, layout_hall_layers
Lair:2:   layout_gridlike, ebering_ghost_rock_garden,
          hangedman_lair_unloving_vines, minivault_26, infiniplex_staircase_pool
Lair:3:   minmay_guarded_unrand_snakebite, layout_gridlike,
          skrybe_swamp_entry_bodies, spider_nest_entry_web_field,
          chequers_serial_rivers_micro_a
Lair:4:   layout_loops_ring, chequers_serial_rivers_large_b
Lair:5:   hangedman_lair_tendril_chambers, layout_small_grid, slime_entry_1,
          gammafunk_ghost_cemetery
Swamp:1:  layout_basic_swamp, nicolae_swamp_small_spring
Swamp:2:  layout_basic_swamp, evilmike_swamp_ruin_rubble_1
Swamp:3:  layout_basic_swamp, portal_ice_cave_entry_pillars_1,
          infiniplex_staircase_pool_2
Swamp:4:  swamp_fiery, layout_basic_swamp, swamp_pool5,
          nicolae_swamp_round_clearing, nicolae_swamp_dense_foliage, uniq_aizul
Spider:1: layout_spider_delve
Spider:2: layout_cave_pods, nicolae_arachne_temple, uniq_kirke, uniq_arachne
Spider:3: layout_spider_delve, nicolae_spider_undead_wolf_pack
Orc:1:    layout_caves
Orc:2:    st_orc_rangers, layout_diamond_mine, basic_altar, serial_shops, shop,
          ebering_ghost_gozag
Vaults:1: nicolae_vaults_little_squares_6, v_misc_1,
          ontoclasm_vaults_fire_temple, hangedman_vaults_locks, v_misc_16,
          nicolae_vaults_ring_of_whatevers, vaults_dpeg_emergency_exit,
          ontoclasm_vaults_misaligned, vaults_mumra_lcd, v_pattern_5,
          layout_vaults_ring

Skill      XL: |  1  2  3  4  5  6  7  8  9 10 11 12 13 14 15 16 17 18 |
---------------+-------------------------------------------------------+-----
Unarmed Combat | 4 5 6 8 9 10 12 14 16 18 19 20 | 20.3
Fighting       | 3 4 5 6 7 8 9 |  9.0
Throwing       | 2 3 6 8 9 |  9.0
Dodging        | 1 2 3 |  3.1
Armour         | 4 5 6 7 8 9 |  9.0
Invocations    | 4 8 10 | 10.0
Shields        | 4 10 14 17 | 17.3
Spellcasting   | |  1.0
Fire Magic     | |  2.1

Action                   |  1- 3 |  4- 6 |  7- 9 | 10-12 | 13-15 | 16-18 || total
-------------------------+-------+-------+-------+-------+-------+-------++-------
Melee: Unarmed           |   155 |   107 |   251 |   518 |   998 |  1437 ||  3466
       Punch             |     1 |     3 |     7 |    30 |    53 |       ||    94
Throw: Boomerang         |       |    28 |    68 |    12 |    10 |       ||   118
       Javelin           |       |       |       |       |    11 |       ||    11
       Large rock        |       |       |       |       |    77 |   158 ||   235
Invok: Fiery Armour      |       |     2 |     2 |     8 |     1 |       ||    13
       Heroism           |       |       |       |       |    41 |    58 ||    99
       Finesse           |       |       |       |       |     6 |    15 ||    21
  Use: Scroll            |     6 |     6 |     9 |     7 |     1 |     7 ||    36
       Potion            |     2 |     2 |     3 |     2 |     3 |    17 ||    29
 Stab: Distracted        |       |       |       |       |     1 |       ||     1
       Confused          |       |       |       |       |       |     1 ||     1
Armor: Robe              |    57 |    37 |    17 |       |       |       ||   111
       Gold dragon scale |       |       |   120 |   299 |   458 |   540 ||  1417
Dodge: Dodged            |    72 |    33 |    62 |    68 |   110 |   172 ||   517
Block: Other             |       |       |       |    71 |   102 |       ||   173
       Reflection        |       |       |       |     3 |    26 |   122 ||   151
       Kite shield       |       |       |       |       |    39 |       ||    39
       Tower shield      |       |       |       |       |   265 |  1622 ||  1887

Table legend:
 A = Non-vault XP
 B = Vault XP
 C = Vault XP percentage of total XP
 D = Non-vault monster count
 E = Vault monster count
 F = Vault count percentage of total count
                 A         B        C        D         E       F
            +---------+---------+-------+---------+---------+-------
      Total |  200008 |  129090 |  39.2 |     801 |     328 |  29.1
            +---------+---------+-------+---------+---------+-------
        D:1 |      47 |       0 |   0.0 |      26 |       0 |   0.0
        D:2 |      32 |      13 |  28.9 |      18 |       4 |  18.2
        D:3 |      82 |      24 |  22.6 |      15 |       2 |  11.8
        D:4 |     336 |       0 |   0.0 |      17 |       0 |   0.0
        D:5 |     848 |     231 |  21.4 |      20 |       1 |   4.8
        D:6 |     989 |       0 |   0.0 |      17 |       0 |   0.0
        D:7 |     487 |      60 |  11.0 |       5 |       2 |  28.6
        D:8 |    3105 |     730 |  19.0 |      43 |       4 |   8.5
        D:9 |    1853 |      91 |   4.7 |      28 |      12 |  30.0
       D:10 |     868 |       0 |   0.0 |      21 |       0 |   0.0
       D:11 |    2561 |     664 |  20.6 |      16 |       4 |  20.0
       D:12 |    4678 |       0 |   0.0 |      25 |       0 |   0.0
       D:13 |    8314 |   12674 |  60.4 |      18 |      19 |  51.4
       D:14 |   14015 |    3366 |  19.4 |      27 |       9 |  25.0
       D:15 |       0 |   42550 | 100.0 |       0 |      71 | 100.0
     Lair:1 |    7377 |       0 |   0.0 |      30 |       0 |   0.0
     Lair:2 |    7574 |       0 |   0.0 |      26 |       0 |   0.0
     Lair:3 |    5897 |    3848 |  39.5 |      29 |      17 |  37.0
     Lair:4 |    1783 |       0 |   0.0 |       5 |       0 |   0.0
     Lair:5 |   14674 |    9435 |  39.1 |      45 |      34 |  43.0
    Swamp:1 |   11259 |       0 |   0.0 |      22 |       0 |   0.0
    Swamp:2 |    6517 |       0 |   0.0 |      18 |       0 |   0.0
    Swamp:3 |   12679 |       0 |   0.0 |      27 |       0 |   0.0
    Swamp:4 |   13343 |   13988 |  51.2 |      21 |      30 |  58.8
   Spider:1 |   15825 |    1650 |   9.4 |      40 |       2 |   4.8
   Spider:2 |   17524 |   17117 |  49.4 |      49 |      33 |  40.2
   Spider:3 |   14294 |    8083 |  36.1 |      40 |      18 |  31.0
      Orc:1 |    3788 |       0 |   0.0 |      37 |       0 |   0.0
      Orc:2 |    8345 |    6301 |  43.0 |      85 |      39 |  31.5
   Vaults:1 |   20914 |    8000 |  27.7 |      31 |      14 |  31.1
    Ossuary |       0 |     265 | 100.0 |       0 |      13 | 100.0
            +---------+---------+-------+---------+---------+-------
